 Dungeon Crawl Stone Soup version 0.25.1-2-g60ff931df9 (webtiles) character file.

Game seed: 3850549685090566921

16455089 Delamore the Conqueror (level 27, 199/199 HPs)
             Began as a Gargoyle Fighter on Aug 3, 2020.
             Was the Champion of the Shining One.
             Escaped with the Orb
             ... and 15 runes!
             The game lasted 04:26:27 (95708 turns).

Delamore the Conqueror (Gargoyle Fighter)          Turns: 95708, Time: 04:26:28

Health: 199/199    AC: 74    Str: 36    XL:     27
Magic:  51/51      EV: 18    Int: 12    God:    the Shining One [******]
Gold:   20284      SH: 37    Dex: 13    Spells: 56/74 levels left

rFire    + + +     SeeInvis .   M - +9 eveningstar (holy)
rCold    + + +     Gourm    .   y - +8 tower shield {reflect}
rNeg     + + +     Faith    .   Z - +11 gold dragon scales of the Ego {rElec rPois rF+ rC+ Str+8}
rPois    ∞         Spirit   .   E - +1 helmet "Myzuer" {Int-4 Slay+6}
rElec    +         Reflect  +   K - +2 cloak of the Kangaroo {rF+ rC+ Dex+4}
rCorr    +         Harm     .   x - +3 pair of gauntlets of War {Slay+5}
MR       +++++     Clarity  +   u - +1 pair of boots of Peek-a-Boo {rPois rCorr}
Stlth    ..........             J - amulet of the Four Winds {rN+ MR+++ Clar}
HPRegen  0.43/turn              N - ring "Etrohy" {rElec rF+ rC+ Str+2}
MPRegen  0.32/turn              k - ring of Qodeaxzu {*Corrode rElec rC+ Str+2 Slay+4 Stlth+}

@: glowing, studying Fire Magic
A: big wings, fangs 1, negative energy resistance 1, sense surroundings 1,
electricity resistance, weak 1, unbreathing, petrification resistance, rot
immunity, subdued magic 1, AC +20
0: Orb of Zot
}: 15/15 runes: decaying, serpentine, slimy, silver, golden, iron, obsidian,
icy, bone, abyssal, demonic, glowing, magical, fiery, dark
a: Fly, Divine Shield, Cleansing Flame, Summon Divine Warrior, Renounce Religion


You escaped.
You worshipped the Shining One.
The Shining One was exalted by your worship.
You were very full.

You visited 18 branches of the dungeon, and saw 89 of its levels.
You visited Pandemonium 1 time, and saw 17 of its levels.
You visited the Abyss 1 time.
You visited 1 bazaar.
You completed 1 ziggurat, and saw 27 of its levels.
You also visited: Trove and Ice Cave.

You collected 25338 gold pieces.
You spent 5054 gold pieces at shops.

Inventory:

Hand Weapons
 M - a +9 eveningstar of holy wrath (weapon)
Missiles
 o - a throwing net
 D - 158 silver javelins (quivered)
Armour
 i - a +0 tower shield of protection
 u - the +1 pair of boots of Peek-a-Boo (worn) {rPois rCorr}
   (Okawaru gifted it to you on level 3 of the Depths)

   It protects you from poison.
   It provides partial protection from all sources of acid and corrosion.
 x - the +3 pair of gauntlets of War (worn) {Slay+5}
   (You acquired it on level 2 of the Depths)

   It affects your accuracy and damage with ranged weapons and melee attacks
   (+5).
 y - a +8 tower shield of reflection (worn)
 C - a +1 pair of boots of running
 E - the +1 helmet "Myzuer" (worn) {Int-4 Slay+6}
   (You bought it in a shop on level 6 of the Dungeon)

   It affects your intelligence (-4).
   It affects your accuracy and damage with ranged weapons and melee attacks
   (+6).
 K - the +2 cloak of the Kangaroo (worn) {rF+ rC+ Dex+4}
   (Okawaru gifted it to you on level 13 of the Dungeon)

   It affects your dexterity (+4).
   It protects you from fire.
   It protects you from cold.
 Z - the +11 gold dragon scales of the Ego (worn) {rElec rPois rF+ rC+ Str+8}
   (You bought it in a shop on level 2 of the Orcish Mines)

   It affects your strength (+8).
   It protects you from fire.
   It protects you from cold.
   It insulates you from electricity.
   It protects you from poison.
Jewellery
 j - the ring "Arirchiuwk" {rElec rC+ MR+ Int+6 Dex-4}
   (You found it in a treasure trove)

   [ring of intelligence]

   It affects your intelligence (+6).
   It affects your dexterity (-4).
   It protects you from cold.
   It insulates you from electricity.
   It affects your resistance to hostile enchantments.
 k - the ring of Qodeaxzu (right hand) {*Corrode rElec rC+ Str+2 Slay+4 Stlth+}
   (You found it in a treasure trove)

   [ring of slaying]

   It affects your strength (+2).
   It affects your accuracy and damage with ranged weapons and melee attacks
   (+4).
   It protects you from cold.
   It insulates you from electricity.
   It may corrode you when you take damage.
   It makes you more stealthy.
 w - the ring of the Monkey {rF+ MR+ Int-5 Dex+4 Stlth+}
   (You found it on level 26 of a ziggurat)

   [ring of protection from fire]

   It affects your intelligence (-5).
   It affects your dexterity (+4).
   It protects you from fire.
   It affects your resistance to hostile enchantments.
   It makes you more stealthy.
 F - the amulet of Jealousy {Reflect +Fly rF+ MR+ Dex-3 SH+5}
   (You found it on level 3 of the Tomb of the Ancients)

   [amulet of reflection]

   It shields you and reflects attacks.
   It affects your dexterity (-3).
   It protects you from fire.
   It affects your resistance to hostile enchantments.
   It lets you fly.
   It affects your SH (+5).
 I - the ring of Awe {MR+ AC+4 Dex-2 SInv Stlth+}
   (You found it on level 7 of Tartarus)

   [ring of protection]

   It affects your AC (+4).
   It affects your dexterity (-2).
   It affects your resistance to hostile enchantments.
   It lets you see invisible.
   It makes you more stealthy.
 J - the amulet of the Four Winds (around neck) {rN+ MR+++ Clar}
   (You found it on level 15 of a ziggurat)

   [amulet of nothing]

   It protects you from negative energy.
   It affects your resistance to hostile enchantments.
   It protects you against confusion.
 N - the ring "Etrohy" (left hand) {rElec rF+ rC+ Str+2}
   (You found it on level 5 of the Vaults)

   [ring of protection from cold]

   It affects your strength (+2).
   It protects you from fire.
   It protects you from cold.
   It insulates you from electricity.
Wands
 g - a wand of acid (32)
 t - a wand of digging (18)
 v - a wand of paralysis (17)
 G - a wand of flame (137)
 O - a wand of iceblast (56)
Scrolls
 e - 8 scrolls of fear
 h - 2 scrolls of silence
 l - 5 scrolls of magic mapping
 m - 27 scrolls of enchant weapon
 n - 53 scrolls of remove curse
 q - 28 scrolls of teleportation
 r - 3 scrolls of brand weapon
 s - 23 scrolls of identify
 z - 20 scrolls of blinking
 H - 7 scrolls of enchant armour
 Q - a scroll of summoning
 T - 11 scrolls of fog
 W - 5 scrolls of holy word
 Y - 2 scrolls of immolation
Potions
 a - 8 potions of mutation
 d - 4 potions of might
 p - 17 potions of curing
 A - 6 potions of resistance
 L - 8 potions of haste
 P - 6 potions of cancellation
 S - 7 potions of berserk rage
 V - 6 potions of heal wounds
Books
 c - a manual of Fire Magic
Miscellaneous
 b - 16 phantom mirrors
 B - 2 +1 figurines of a ziggurat
Comestibles
 f - 89 rations


   Skills:
 O Level 27 Fighting
 O Level 27 Maces & Flails
 - Level 19.1 Throwing
 O Level 27 Armour
 + Level 18.6 Dodging
 O Level 27 Shields
 - Level 24.2 Spellcasting
 - Level 12.1 Hexes
 + Level 21.4 Translocations
 - Level 11.9 Air Magic
 O Level 27 Invocations
 - Level 16.1 Evocations


You had 56 spell levels left.
You knew the following spells:

 Your Spells              Type           Power        Failure   Level  Hunger
a - Lesser Beckoning      Tloc           ######....   0%          3    None
b - Blink                 Tloc           N/A          0%          2    None
c - Controlled Blink      Tloc           N/A          9%          8    #######
d - Silence               Hex/Air        ####......   1%          5    ###....

Your spell library contained the following spells:

 Spells                   Type           Power        Failure   Level  Hunger
 Apportation              Tloc           ######       0%          1    None
 Gell's Gravitas          Tloc           ######....   0%          3    None
 Portal Projectile        Hex/Tloc       #####.       0%          3    None
 Corona                   Hex            ####...      1%          1    None
 Shock                    Conj/Air       ###.         1%          1    None
 Corpse Rot               Necr/Air       N/A          1%          2    None
 Ensorcelled Hibernation  Hex/Ice        ###...       1%          2    None
 Poisonous Vapours        Pois/Air       ###...       1%          2    None
 Shroud of Golubria       Chrm/Tloc      ####..       1%          2    None
 Slow                     Hex            ####....     1%          2    None
 Swiftness                Chrm/Air       ###.....     1%          2    None
 Confusing Touch          Hex            ####....     1%          3    None
 Dazzling Flash           Conj/Hex       ###...       1%          3    None
 Inner Flame              Hex/Fire       ###.....     1%          3    None
 Recall                   Summ/Tloc      N/A          1%          3    None
 Spectral Weapon          Hex/Chrm       ###.....     1%          3    None
 Summon Guardian Golem    Hex/Summ       ###.....     1%          3    None
 Tukima's Dance           Hex            ####....     1%          3    None
 Airstrike                Air            ####......   1%          4    None
 Cause Fear               Hex            ####......   1%          4    None
 Iskenderun's Mystic Bla  Conj/Tloc      ####....     1%          4    None
 Dispersal                Tloc           ######....   1%          6    #####..
 Static Discharge         Conj/Air       ###.....     2%          3    None
 Summon Forest            Summ/Tloc      ####......   2%          5    ###....
 Mephitic Cloud           Conj/Pois/Air  ###.....     5%          3    None
 Fulminant Prism          Conj/Hex       ###.......   8%          4    None
 Leda's Liquefaction      Hex/Erth       ###.......   8%          4    None
 Summon Lightning Spire   Summ/Air       ###.....     8%          4    None
 Disjunction              Tloc           ######....   9%          8    #######
 Animate Skeleton         Necr           N/A          10%         1    None
 Beastly Appendage        Tmut           ##....       10%         1    None
 Foxfire                  Conj/Fire      ##..         10%         1    None
 Freeze                   Ice            ##..         10%         1    None
 Infusion                 Chrm           ##..         10%         1    None
 Magic Dart               Conj           ##..         10%         1    None
 Pain                     Necr           ##..         10%         1    None
 Sandblast                Erth           ##....       10%         1    None
 Sting                    Tmut/Pois      ##..         10%         1    None
 Summon Butterflies       Summ           ##......     10%         1    None
 Summon Small Mammal      Summ           ##..         10%         1    None
 Darkness                 Hex            ####......   10%         6    #####..
 Invisibility             Hex            ####....     10%         6    #####..
 Call Imp                 Summ           ##......     14%         2    None
 Passwall                 Tmut/Erth      ##......     14%         2    None
 Searing Ray              Conj           ##....       14%         2    None
 Song of Slaying          Chrm           ##......     14%         2    None
 Sticks to Snakes         Tmut           ##......     14%         2    None
 Lightning Bolt           Conj/Air       ###.......   22%         5    ###....
 Metabolic Englaciation   Hex/Ice        ###.......   22%         5    ###....
 Summon Mana Viper        Hex/Summ       ###.....     22%         5    ###....
 Yara's Violent Unravell  Hex/Tmut       ###.......   22%         5    ###....
 Call Canine Familiar     Summ           ##......     30%         3    None
 Conjure Flame            Conj/Fire      ##......     30%         3    None
 Frozen Ramparts          Ice            ##....       30%         3    None
 Ignite Poison            Fire/Tmut/Pois ##......     30%         3    None
 Ozocubu's Armour         Chrm/Ice       ##......     30%         3    None
 Spider Form              Tmut/Pois      ##........   30%         3    None
 Stone Arrow              Conj/Erth      ##....       30%         3    None
 Vampiric Draining        Necr           ##........   30%         3    None
 Animate Dead             Necr           N/A          71%         4    None
 Dispel Undead            Necr           ##......     71%         4    None
 Hailstorm                Conj/Ice       ##......     71%         4    None
 Ice Form                 Ice/Tmut       ##......     71%         4    None
 Olgreb's Toxic Radiance  Pois           ##......     71%         4    None
 Petrify                  Tmut/Erth      ##......     71%         4    None
 Sticky Flame             Conj/Fire      ##......     71%         4    None
 Summon Ice Beast         Ice/Summ       ##......     71%         4    None
 Malign Gateway           Summ/Tloc      ####......   71%         7    ######.
 Conjure Ball Lightning   Conj/Air       ###.......   80%         6    #####..
 Agony                    Necr           ##......     96%         5    ###....
 Alistair's Intoxication  Tmut/Pois      ##......     96%         5    ###....
 Aura of Abjuration       Summ           ##........   96%         5    ###....
 Blade Hands              Tmut           ##........   96%         5    ###....
 Bolt of Magma            Conj/Fire/Erth ##........   96%         5    ###....
 Borgnjor's Vile Clutch   Necr/Erth      ##........   96%         5    ###....
 Excruciating Wounds      Chrm/Necr      ##........   96%         5    ###....
 Fireball                 Conj/Fire      ##........   96%         5    ###....
 Irradiate                Conj/Tmut      ##........   96%         5    ###....
 Iskenderun's Battlesphe  Conj/Chrm      ##......     96%         5    ###....
 Lee's Rapid Deconstruct  Erth           ##........   96%         5    ###....
 Summon Demon             Summ           ##........   96%         5    ###....
 Freezing Cloud           Conj/Ice/Air   ###.......   97%         6    #####..
 Discord                  Hex            ####......   99%         8    #######
 Death Channel            Necr           ##........   100%        6    #####..
 Eringya's Noxious Bog    Tmut/Pois      ##........   100%        6    #####..
 Hydra Form               Tmut           ##........   100%        6    #####..
 Iron Shot                Conj/Erth      ##........   100%        6    #####..
 Ozocubu's Refrigeration  Ice            ##........   100%        6    #####..
 Shadow Creatures         Summ           N/A          100%        6    #####..
 Simulacrum               Ice/Necr       ##........   100%        6    #####..
 Starburst                Conj/Fire      ##........   100%        6    #####..
 Dragon Form              Tmut           ##........   100%        7    ######.
 Monstrous Menagerie      Summ           ##........   100%        7    ######.
 Orb of Destruction       Conj           ##........   100%        7    ######.
 Ring of Flames           Chrm/Fire      ##........   100%        7    ######.
 Spellforged Servitor     Conj/Summ      ##........   100%        7    ######.
 Summon Greater Demon     Summ           ##........   100%        7    ######.
 Summon Hydra             Summ           ##........   100%        7    ######.
 Chain Lightning          Conj/Air       ###.......   100%        8    #######
 Ignition                 Fire           ##........   100%        8    #######
 Lehudib's Crystal Spear  Conj/Erth      ##........   100%        8    #######
 Summon Horrible Things   Summ           ##........   100%        8    #######
 Absolute Zero            Ice            ##........   100%        9    #######
 Dragon's Call            Summ           ##........   100%        9    #######
 Fire Storm               Conj/Fire      ##........   100%        9    #######
 Shatter                  Erth           ##........   100%        9    #######
 Tornado                  Air            ####......   100%        9    #######
 Passage of Golubria      Tloc           Unusable     N/A         4    N/A
 Sublimation of Blood     Necr           Unusable     N/A         2    N/A
 Statue Form              Tmut/Erth      Unusable     N/A         6    N/A

Dungeon Overview and Level Annotations

Branches:
Dungeon (15/15)            Temple (1/1) D:5            Lair (6/6) D:11
  Swamp (4/4) Lair:3        Snake (4/4) Lair:3        Slime (5/5) Lair:5
    Orc (2/2) D:9             Elf (3/3) Orc:2        Vaults (5/5) D:13
  Crypt (3/3) Vaults:3       Tomb (3/3) Crypt:3      Depths (5/5) D:15
   Hell (visited)             Dis (7/7) Hell            Geh (7/7) Hell
    Coc (7/7) Hell            Tar (7/7) Hell            Zot (5/5) Depths:5
  IceCv (visited)

Altars:
Cheibriados
Elyvilon
Fedhas
Gozag
Kikubaaqudgha
Nemelex Xobeh
Okawaru
Qazlal
Sif Muna
Trog
Uskayaw
Vehumet
Wu Jian
Xom
Yredelemnul
The Shining One
Beogh
Jiyva

Shops:
D:6 [   D:8 =   D:11 [   Orc:1 *   Orc:2 =(*[   Swamp:1 *   Snake:1 [
Snake:3 ((   Vaults:1 =   Vaults:2 =   Vaults:3 }   Vaults:5 }   Depths:2 *
Depths:3 *

Portals:
Hell: Depths:1 Depths:2 Depths:3 Depths:4 Depths:5
Abyss: Elf:3 Depths:4 Depths:5
Pandemonium: Depths:3 Depths:5

Annotations:
D:5 2 transporters, sirjames's ghost, novice DDNe
D:9 Blork the orc
D:12 exclusion: obsidian statue
Lair:5 exclusion: 2 oklob plants
Lair:6 1 runed translucent door, GameOver's ghost, journeyman NaWz
Swamp:4 Roxanne
Zot:5 1 exclusion


Innate Abilities, Weirdness & Mutations

You are resistant to torment.
Your stone body is resilient. (AC +20)
You are immune to poison.
Your large and strong wings let you fly indefinitely.
You resist negative energy. (rN+)
You are resistant to electric shocks. (rElec)
You can survive without breathing.
You are immune to petrification.
You are immune to rotting.
You have very sharp teeth.
You passively map a small area around you.
You are weak. (Str -2)
Your spells are a little easier to cast, but a little less powerful.


Message History

You bludgeon the red devil!!
You kill the red devil!
The Shining One accepts your kill.
No target in view!
You see here a +0 short sword.
You see here 4 stones.
You see here 2 stones.
A sixfirhy comes into view.
You can't go up here!
Evoke which item? (* to show all) (? for menu, Esc to quit)
Aiming: Dig
Press: ? - help, Shift-Dir - straight line A rock wall.
This square is lit by a halo and is covered in magical glow.
The rock shatters into small pieces.
A sixfirhy comes into view.
There is a staircase leading out of the dungeon here.
You block the sixfirhy's attack. x2
The sixfirhy hits you but does no damage.
You have escaped!

)........# ##########
...# ############# ...#
#.......#...# ...#
#.#####.#.#.# ...#
#.#.#...#.#.# ...#
#.#.#.###...# ...#
#.#.#.3...#.###### ...#
#.#.#.###.3@.....#
...###.'.#...#.########
.....###.#.#.#...#
...#...#.#.#.#.###
######.#.#.#.#.#.#
#.#.#.#.#.#.#
#.#.#.###...#
#.#...#.#.#.#
#.#####...#.#


You could see 2 sixfirhies.

Vanquished Creatures
  Cerebov (Pan)
  Antaeus (Coc:7)
  Asmodeus (Geh:7)
  the Royal Jelly (Slime:5)
  Ereshkigal (Tar:7)
  Gloorx Vloq (Pan)
  the Serpent of Hell (Geh:7)
  Lom Lobon (Pan)
  Mnoleg (Pan)
  Dispater (Dis:7)
  Tiamat (Zot:1)
  5 orbs of fire
  Mennas (Depths:3)
  Mara (Swamp:3)
  23 ancient liches
  6 juggernauts
  58 greater mummies
  Bai Suzhen (Depths:3)
  Frederick (Crypt:2)
  11 Killer Klowns
  Xtahua (Crypt:2)
  A shard shrike (Coc:5)
  Saint Roka (Orc:2)
  2 caustic shrikes (Depths:5)
  Vashnia (Snake:2)
  Geryon (Hell)
  3 curse toes
  Jory (Crypt:2)
  3 profane servitors
  33 golden dragons
  18 Tzitzimimeh
  7 pandemonium lords
  11 bone dragons
  31 Brimstone Fiends
  5 doom hounds
  14 iron giants
  2 electric golems (Zot:5)
  18 Ice Fiends
  28 tentacled monstrosities
  20 liches
  28 Orb Guardians
  27 titans
  Jorgrun (D:13)
  12 deep elf blademasters
  9 Hell Sentinels
  11 quicksilver dragons
  14 deep elf master archers
  42 acid blobs
  4 tentacled starspawn
  The ghost of stripedtigrrr the Unseen, an adept SpAs of Dithmenos (Elf:3)
  25 Executioners
  10 death cobs
  Frances (D:13)
  21 sphinxes
  Agnes (Snake:4)
  21 storm dragons
  14 ancient champions
  13 draconian monks
  6 thorn hunters
  18 tengu reavers
  14 shadow dragons
  4 revenants
  24 vault wardens
  29 fire giants
  3 corrupters (Pan)
  8 nagarajas
  29 frost giants
  17 azure jellies
  22 draconian knights
  A daeva (Zig:14)
  10 ghost moths
  2 orc warlords
  Louise (Swamp:3)
  20 cacodemons
  16 draconian scorchers
  4 emperor scorpions
  An emperor scorpion (shapeshifter) (Vaults:5)
  14 iron dragons
  Aizul (Snake:1)
  10 deep elf sorcerers
  9 deep elf elementalists
  14 draconian stormcallers
  25 balrugs
  2 warmongers (Pan)
  A frost giant (shapeshifter) (Zig:10)
  5 curse skulls
  19 draconian shifters
  A caustic shrike zombie (Zig:26)
  18 ironheart preservers
  8 draconian annihilators
  A juggernaut zombie (Zig:19)
  An entropy weaver (shapeshifter) (Zig:7)
  2 caustic shrike skeletons (Zig:26)
  2 juggernaut skeletons (Zig:19)
  10 war gargoyles
  29 very ugly things
  An angel (Abyss:2)
  25 ghouls
  10 spriggan defenders
  16 entropy weavers
  43 stone giants
  2 blood saints (Pan)
  65 reapers
  6 elemental wellsprings
  8 deep elf demonologists
  The ghost of TarVian the Fencer, a journeyman MiFi of Qazlal (Orc:1)
  14 bennus
  Nessos (D:13)
  6 black suns (Pan)
  A dire elephant (shapeshifter) (Zig:10)
  21 black draconians
  Azrael (D:15)
  5 yellow draconians
  13 vampire knights
  9 lorocyprocas
  9 green draconians
  19 red draconians
  11 deep elf annihilators
  10 spark wasps
  16 purple draconians
  10 eidola
  14 white draconians
  19 ettins
  19 blizzard demons
  11 merfolk javelineers (Zig:25)
  16 fire dragons
  46 mummy priests
  19 green deaths
  8 death oozes
  8 quicksilver dragon zombies
  Josephine (D:14)
  A fire dragon (shapeshifter) (Depths:3)
  8 deep elf high priests
  45 yaktaur captains
  3 jiangshi (Crypt:2)
  6 deep elf death magi
  Harold (D:7)
  19 ogre magi
  29 vault guards
  7 spriggan air magi
  25 ice dragons
  8 naga warriors
  16 rakshasas
  4 quicksilver dragon skeletons
  4 kraken zombies
  17 great orbs of eyes
  4 monstrous demonspawn (Pan)
  2 hell beasts
  28 hydras
  A catoblepas (Lair:5)
  5 ghost crabs
  5 shambling mangroves
  23 anacondas
  8 satyrs (Zig:25)
  14 centaur warriors
  A merfolk avatar (Lair:6)
  2 anacondas (shapeshifter) (Zig:16)
  16 alligators
  A two-headed ogre (shapeshifter) (Vaults:5)
  Erica (D:8)
  44 two-headed ogres
  53 death scarabs
  9 death knights
  4 death yaks (Lair:6)
  28 naga sharpshooters
  26 dancing weapons
  2 tengu warriors (Depths:3)
  7 deep troll shamans
  5 titan zombies
  9 vampire magi
  4 spriggan berserkers
  30 hell hogs
  2 deep troll earth magi
  8 shock serpents
  Urug (Orc:1)
  39 sun demons
  9 storm dragon zombies
  11 spriggans
  11 thrashing horrors
  2 titan skeletons
  4 orc high priests
  35 deep elf knights
  11 iron trolls
  10 iron golems
  16 wretched stars
  29 soul eaters
  A fire crab (Abyss:3)
  6 torturous demonspawn (Pan)
  22 sixfirhies
  16 deep trolls
  A fire crab (shapeshifter) (Zig:16)
  7 golden dragon zombies
  3 sea snakes
  An unseen horror (shapeshifter) (Zig:16)
  5 storm dragon skeletons
  12 shadow wraiths
  6 unseen horrors
  13 death drakes (Zig:22)
  113 skeletal warriors
  49 hell knights
  15 shadow demons
  2 spatial maelstroms
  7 gelid demonspawn (Pan)
  2 salamander mystics (Snake:3)
  4 ghost moth zombies
  A spark wasp zombie (Zig:6)
  8 infernal demonspawn (Pan)
  11 anaconda zombies
  10 naga ritualists
  A kraken simulacrum (Hell)
  15 swamp dragons
  21 flayed ghosts
  A spriggan druid (Zig:22)
  7 glowing orange brains
  A swamp dragon (shapeshifter) (Zig:16)
  A glowing orange brain (shapeshifter) (Depths:4)
  2 sphinx zombies
  An orange crystal statue (Zig:17)
  2 sea snakes (shapeshifter)
  8 shadow dragon zombies
  10 wizards
  41 large abominations
  16 ironbrand convokers
  8 anaconda skeletons
  3 obsidian statues
  8 wolf spider zombies
  30 orc knights
  16 necromancers
  A lindwurm (shapeshifter) (Zig:23)
  19 deep elf archers
  39 phantasmal warriors
  5 golden dragon skeletons
  81 deep elf magi
  A mana viper (shapeshifter) (Zig:23)
  3 shadow dragon skeletons
  13 small abominations
  8 iron dragon zombies
  10 harpies
  12 wolf spiders
  A harpy (shapeshifter) (Depths:2)
  5 fire giant zombies
  3 stone giant zombies
  5 orb spiders
  15 cyclopes
  5 salamanders
  76 slime creatures
  7 frost giant zombies
  44 ugly things
  2 manticores
  An orb spider (shapeshifter) (Zig:16)
  A wolf spider (shapeshifter) (Depths:1)
  8 orc sorcerers
  7 worldbinders
  11 mana vipers
  6 shining eyes
  6 fauns (Zig:25)
  2 tengu skeletons (Vaults:5)
  2 moths of wrath (shapeshifter)
  A manticore (shapeshifter) (Elf:3)
  33 moths of wrath
  An elephant (shapeshifter) (Zig:10)
  6 frost giant skeletons
  Maurice (Orc:1)
  54 rust devils
  2 sphinx skeletons
  5 fire giant skeletons
  13 vault sentinels
  A guardian serpent (shapeshifter) (Depths:4)
  A spriggan zombie (Zig:26)
  A black mamba (shapeshifter) (Depths:3)
  7 iron dragon skeletons
  2 dire elephant zombies (Crypt:3)
  A spiny frog (shapeshifter) (Zig:16)
  3 torpor snails
  14 guardian serpents
  13 ice statues
  2 shock serpent zombies
  49 black mambas
  Joseph (D:8)
  6 stone giant skeletons
  7 apocalypse crabs
  A water nymph (shapeshifter) (Depths:1)
  10 molten gargoyles
  A torpor snail (shapeshifter) (Depths:5)
  25 orange demons
  28 smoke demons
  17 elephants
  25 hellions
  21 naga magi
  A storm dragon simulacrum (Crypt:1)
  16 spiny frogs
  9 eyes of devastation
  6 gargoyles
  A minotaur zombie (Dis:2)
  55 yaktaurs
  3 dire elephant skeletons
  2 spriggan skeletons
  33 ice devils
  3 emperor scorpion zombies
  6 rime drakes
  Maggie (D:7)
  9 efreet
  9 demonic crawlers
  41 tormentors
  A red draconian zombie (Tar:7)
  5 tengu conjurers
  2 kobold demonologists
  36 freezing wraiths
  5 harpy zombies
  A troll (shapeshifter) (Elf:3)
  9 ancient zymes
  12 komodo dragons
  A yaktaur (shapeshifter) (Depths:5)
  A pale draconian skeleton (Crypt:1)
  4 anaconda simulacra
  71 guardian mummies
  31 red devils
  2 silent spectres
  6 jumping spiders
  A merfolk (shapeshifter) (Depths:3)
  10 hydra zombies
  A meliai (Zig:17)
  5 polar bears (Lair:6)
  24 hellwings
  A wolf spider simulacrum (D:13)
  A catoblepas skeleton (Geh:6)
  9 trolls
  8 tyrant leeches
  A hydra skeleton (Coc:6)
  27 hornets
  21 blink frogs
  17 bog bodies
  7 ettin zombies
  A hornet (shapeshifter) (Depths:1)
  A dream sheep (shapeshifter) (Zig:5)
  2 harpy skeletons
  A blink frog (shapeshifter) (Depths:1)
  A hippogriff (shapeshifter) (D:14)
  13 hippogriffs
  A slime creature (shapeshifter) (Depths:5)
  16 wind drakes (Pan)
  4 ice dragon zombies
  An iron dragon simulacrum (Zig:26)
  19 raiju
  A raiju (shapeshifter) (Depths:4)
  7 alligator zombies
  An air elemental (Elf:2)
  5 fire dragon zombies
  A redback (shapeshifter) (Vaults:3)
  A fire giant simulacrum (Coc:5)
  A frost giant simulacrum (Crypt:1)
  2 tarantellas (shapeshifter)
  9 redbacks
  59 starcursed masses
  26 ynoxinuls
  118 flying skulls
  3 black mamba zombies
  7 ettin skeletons
  52 shadows
  8 tarantellas
  3 wyverns
  2 vampires
  4 ice dragon skeletons
  An alligator skeleton (Geh:3)
  8 water elementals
  39 wraiths
  A golden eye (shapeshifter) (Elf:3)
  39 ushabtiu
  25 yaks
  2 black mamba skeletons
  3 fire bats (shapeshifter)
  6 fire bats
  9 humans
  7 hungry ghosts
  An elf simulacrum (Vaults:5)
  9 golden eyes
  24 fire elementals
  A hog (shapeshifter) (Elf:1)
  16 neqoxecs
  A steam dragon (D:13)
  23 vampire mosquitoes
  4 basilisks
  A spatial vortex (Abyss:3)
  43 nagas
  16 chaos spawn
  Menkaure (D:7)
  10 wargs
  A merfolk zombie (Crypt:3)
  4 iron troll simulacra (IceCv)
  A swamp worm (shapeshifter) (Depths:4)
  An insubstantial wisp (Zig:22)
  6 acid dragons
  8 swamp worms
  17 water moccasins
  Duvessa (D:6)
  A floating eye (shapeshifter) (Depths:2)
  55 hell hounds
  5 hydra simulacra
  4 porcupines
  54 orc warriors
  4 spiny frog zombies
  2 spiny frog skeletons
  17 swamp drakes
  A black bear (shapeshifter) (Zig:23)
  2 black bears
  3 sky beasts
  An ettin simulacrum (IceCv)
  12 eyes of draining
  4 manticore zombies
  10 ice beasts
  4 snapping turtle zombies
  3 alligator simulacra
  31 ogres
  6 phantoms
  4 boggarts
  38 necrophages
  A swamp dragon skeleton (Geh:4)
  18 centaurs
  2 manticore skeletons
  A snapping turtle skeleton (Geh:4)
  7 wolves
  17 crocodiles
  4 big kobolds
  10 bullfrogs
  5 elf zombies
  A spiny frog simulacrum (Hell)
  An earth elemental (Elf:2)
  2 gnoll sergeants
  2 wyvern zombies
  Dowan (D:6)
  4 elf skeletons
  6 wyvern skeletons
  3 scorpions
  A snapping turtle simulacrum (Tomb:3)
  2 howler monkeys (D:6)
  A troll skeleton (Crypt:2)
  73 wights
  A polar bear skeleton (Crypt:2)
  A vampire bat (D:3)
  3 electric eels
  3 bullfrog zombies
  15 crimson imps
  3 centaur zombies
  5 human zombies
  4 lava snakes (Lair:5)
  3 quasits
  6 centaur skeletons
  35 iron imps
  27 orc priests
  7 hounds
  2 jellies
  A bullfrog skeleton (D:12)
  2 human skeletons
  5 iguanas
  An iguana (shapeshifter) (Elf:3)
  A porcupine zombie (Crypt:1)
  32 orc wizards
  13 worker ants
  4 tengu zombies
  An ogre zombie (Hell)
  A sky beast zombie (Crypt:1)
  A demigod skeleton (Crypt:1)
  An ogre skeleton (Crypt:2)
  3 hound zombies
  A hound skeleton (D:7)
  113 mummies
  2 worker ant zombies (D:7)
  12 gnolls
  17 adders
  A swamp drake skeleton (Crypt:2)
  12 shadow imps
  13 white imps
  2 ufetubi
  3 oozes
  2 adder skeletons
  8 worms
  2 barachi skeletons
  2 dart slugs
  7 leopard geckos
  116 orcs
  4 ball pythons
  3 bat skeletons (D:3)
  2 bat zombies (D:3)
  9 giant cockroaches
  9 goblins
  9 hobgoblins
  20 jackals
  4 quokkas
  A ball python skeleton (D:4)
  6 bats
  8 frilled lizards
  A gnoll zombie (Crypt:1)
  22 kobolds
  A leopard gecko skeleton (D:3)
  An orc zombie (Tomb:1)
  A quokka zombie (D:7)
  10 rats
  4 briar patches
  2 crawling corpses (Elf:3)
  A fire vortex (Pan)
  4 starspawn tentacles
  9 tentacles
5692 creatures vanquished.

Vanquished Creatures (collateral kills)
  the Lernaean hydra (Swamp:4)
  Rupert (Depths:3)
  A draconian scorcher (Zig:27)
  A draconian knight (Zig:27)
  2 draconian shifters (Zig:27)
  2 draconian annihilators (Zig:27)
  A green draconian (Zig:27)
  A death ooze (Slime:5)
  2 demonic crawlers (Zig:17)
  A redback (Zig:17)
  A swamp drake (Swamp:4)
14 creatures vanquished.

Vanquished Creatures (others)
  A kraken (Abyss:3)
  A draconian monk (Zot:4)
  A draconian knight (Zot:2)
  2 fire giants
  An elemental wellspring (Coc:7)
  A stone giant (Zig:25)
  A naga warrior (Snake:1)
  A rakshasa (Depths:1)
  A centaur warrior (Zig:25)
  A hell hog (Hell)
  An ogre mage (Vaults:1)
  A necromancer (Depths:5)
  A deep elf mage (Elf:2)
  A naga mage (Snake:3)
  A yaktaur (Zig:25)
  A demonic crawler (Zig:12)
  A komodo dragon (Swamp:4)
  A raiju (Zig:14)
  2 tyrant leeches (Swamp:1)
  3 wraiths
  A golden eye (Abyss:3)
  A large abomination (Zig:14)
  A naga (Snake:4)
  2 hell hounds
  An orc warrior (Orc:2)
  An ogre (Vaults:5)
  A small abomination (Abyss:3)
  An iron imp (Zig:13)
  A shadow imp (Tar:1)
  4 ball lightnings (Pan)
  2 briar patches (Swamp:1)
  A bush (Lair:6)
  5 fungi (Lair:6)
  3 lurking horrors
  14 plants
  9 starspawn tentacles
  15 tentacles
  4 withered plants (Crypt:3)
91 creatures vanquished.

Grand Total: 5797 creatures vanquished

Notes
Turn   | Place    | Note
-------+----------+-------------------------------------------
     0 | D:1      | Delamore the Gargoyle Fighter began the quest for the Orb.
     0 | D:1      | Reached XP level 1. HP: 14/14 MP: 1/1
   105 | D:1      | Reached XP level 2. HP: 19/19 MP: 2/2
   494 | D:1      | Reached XP level 3. HP: 13/23 MP: 3/3
  1352 | D:2      | Found a hide-covered altar of Uskayaw.
  1421 | D:2      | Reached XP level 4. HP: 26/28 MP: 4/4
  1475 | D:2      | Found a blossoming altar of Fedhas.
  2072 | D:2      | Reached skill level 5 in Maces & Flails
  2209 | D:3      | Reached XP level 5. HP: 32/32 MP: 5/5
  2383 | D:3      | Found an ancient bone altar of Kikubaaqudgha.
  2814 | D:3      | Reached XP level 6. HP: 36/37 MP: 6/6
  3681 | D:4      | Found a white marble altar of Elyvilon.
  3704 | D:4      | Found an iron altar of Okawaru.
  3731 | D:4      | Became a worshipper of Warmaster Okawaru
  3871 | D:5      | Entered Level 5 of the Dungeon
  3928 | D:5      | Reached XP level 7. HP: 41/41 MP: 7/7
  4098 | D:5      | Found a staircase to the Ecumenical Temple.
  4344 | D:5      | Found a transporter.
  4347 | D:5      | Noticed sirjames's ghost (novice DDNe)
  4354 | D:5      | Found a transporter.
  4524 | D:5      | Reached * piety under Okawaru
  4790 | D:6      | Noticed Dowan
  4793 | D:6      | Noticed Duvessa
  4805 | D:6      | Killed Duvessa
  4805 | D:6      | Reached XP level 8. HP: 39/46 MP: 8/8
  4811 | D:6      | Killed Dowan
  4937 | D:6      | Found Teaseng's Armour Shop.
  5028 | D:6      | Found a sparkling altar of Nemelex Xobeh.
  5355 | D:6      | Reached ** piety under Okawaru
  5358 | D:6      | Reached skill level 10 in Maces & Flails
  6026 | D:6      | Bought the +1 helmet "Myzuer" {Int-4 Slay+6} for 432 gold
                  | pieces
  6058 | D:7      | Noticed Maggie
  6184 | D:7      | Killed Maggie
  6215 | D:7      | Found a glowing golden altar of the Shining One.
  6308 | D:7      | Reached XP level 9. HP: 50/51 MP: 9/9
  6378 | D:7      | Noticed a moth of wrath
  6380 | D:7      | Noticed Menkaure
  6381 | D:7      | Found a bloodstained altar of Trog.
  6386 | D:7      | Killed Menkaure
  6386 | D:7      | Reached *** piety under Okawaru
  6524 | D:7      | Noticed Harold
  6603 | D:7      | Killed Harold
  6603 | D:7      | Reached **** piety under Okawaru
  7032 | D:7      | Found a snail-covered altar of Cheibriados.
  7129 | D:8      | Noticed a two-headed ogre
  7155 | D:8      | HP: 2/51 [hippogriff (3)]
  7178 | D:7      | Gained mutation: You expend magic power (3 MP) to
                  | strengthen your wands. [potion of mutation]
  7178 | D:7      | Gained mutation: You are resistant to hostile enchantments.
                  | (MR+) [potion of mutation]
  7178 | D:7      | Gained mutation: Your spells are a little harder to cast,
                  | but a little more powerful. [potion of mutation]
  7178 | D:7      | Gained mutation: Your natural rate of healing is unusually
                  | fast. [potion of mutation]
  7277 | D:8      | Killed a two-headed ogre
  7277 | D:8      | Reached ***** piety under Okawaru
  7277 | D:8      | Reached XP level 10. HP: 12/56 MP: 10/10
  7562 | D:8      | Found a stormy altar of Qazlal.
  7624 | D:8      | Noticed Joseph
  7635 | D:8      | Killed Joseph
  7635 | D:8      | Received a gift from Okawaru
  7636 | D:8      | Found the +3 hat of Pondering {ponderous, MR+ MP+10 Int+5}
  7750 | D:8      | Noticed Erica
  7763 | D:8      | Killed Erica
  7836 | D:8      | Found Xosuetysh's Jewellery Boutique.
  8087 | D:8      | Found an opulent altar of Gozag.
  8166 | D:9      | Reached skill level 15 in Maces & Flails
  8385 | D:9      | Found a staircase to the Orcish Mines.
  8467 | D:9      | Noticed Blork the orc
  8473 | D:9      | Found a shimmering blue altar of Sif Muna.
  8563 | D:9      | Found a shimmering altar of Xom.
  8924 | D:10     | Entered Level 10 of the Dungeon
  8945 | D:10     | Reached XP level 11. HP: 56/60 MP: 11/11
  9114 | D:10     | Killed an unseen horror
  9114 | D:10     | Reached skill level 5 in Shields
  9525 | D:10     | Noticed a two-headed ogre
  9545 | D:10     | Killed a two-headed ogre
 10348 | D:11     | Noticed a sun demon
 10551 | D:11     | Received a gift from Okawaru
 10583 | D:11     | Got a crude troll leather armour {god gift}
 10594 | D:11     | Identified the +0 troll leather armour of the Imp {*Contam
                  | rPois MR+ Regen+} (Okawaru gifted it to you on level 11 of
                  | the Dungeon)
 10644 | D:11     | Found a staircase to the Lair.
 10687 | D:11     | Gained mutation: You are weak. (Str -2) [mutagenic glow]
 10852 | D:11     | Reached ****** piety under Okawaru
 11099 | D:11     | Found Ymus's Armour Shoppe.
 11341 | Lair:1   | Entered Level 1 of the Lair of Beasts
 11414 | Lair:1   | Noticed a seven-headed hydra
 11426 | Lair:1   | Killed a seven-headed hydra
 11426 | Lair:1   | Reached skill level 10 in Shields
 11500 | Lair:1   | Reached XP level 12. HP: 57/64 MP: 12/12
 11819 | Lair:1   | Received a gift from Okawaru
 11838 | Lair:1   | Got a heavily runed cloak {god gift}
 11844 | Lair:1   | Identified the +1 cloak "Ronibbuz" {rF+ rN+} (Okawaru
                  | gifted it to you on level 1 of the Lair of Beasts)
 12230 | Lair:2   | Noticed a four-headed hydra
 12239 | Lair:2   | Killed a four-headed hydra
 13401 | Lair:3   | Found a staircase to the Swamp.
 13521 | Lair:3   | Found a staircase to the Snake Pit.
 14733 | Lair:5   | Received a gift from Okawaru
 14747 | Lair:5   | Reached XP level 13. HP: 68/68 MP: 13/13
 14795 | Lair:5   | Reached skill level 15 in Shields
 14847 | Lair:5   | Reached skill level 1 in Invocations
 15212 | Lair:5   | Received a gift from Okawaru
 15215 | Lair:5   | Got a dazzling ring mail {god gift}
 15226 | Lair:5   | Identified the +2 ring mail of the Secret Bones {Slay+5}
                  | (Okawaru gifted it to you on level 5 of the Lair of Beasts)
 15250 | Lair:5   | Reached skill level 5 in Fighting
 15486 | Lair:5   | Found a staircase to the Slime Pits.
 15486 | Lair:5   | Found a viscous altar of Jiyva.
 15729 | Lair:6   | Entered Level 6 of the Lair of Beasts
 15819 | Lair:5   | Reached skill level 5 in Invocations
 15983 | Lair:6   | Found a runed translucent door.
 16002 | Lair:6   | Found a shimmering altar of Xom.
 16002 | Lair:6   | Noticed GameOver's ghost (journeyman NaWz)
 16003 | Lair:6   | Identified the +7 great sword of Winter {chaos, rN+ Int+4}
 16194 | Lair:6   | Received a gift from Okawaru
 16220 | Lair:6   | Got an encrusted hat {god gift}
 16264 | Lair:6   | Identified the +0 hat of Okawaru's Approval {Harm rPois
                  | rC++ Dex-3} (Okawaru gifted it to you on level 6 of the
                  | Lair of Beasts)
 16454 | Lair:6   | Gained mutation: Your large and strong wings let you fly
                  | indefinitely. [Gargoyle growth]
 16454 | Lair:6   | Reached XP level 14. HP: 27/84 MP: 18/20
 16923 | Lair:6   | Received a gift from Okawaru
 16923 | Lair:6   | Reached skill level 10 in Fighting
 17195 | Lair:6   | Reached skill level 10 in Invocations
 17670 | Orc:1    | Entered Level 1 of the Orcish Mines
 17673 | Orc:1    | Found Zevvounga's General Store.
 17685 | Orc:1    | Received a gift from Okawaru
 18199 | Orc:1    | Noticed an orc warlord
 18267 | Orc:1    | Killed an orc warlord
 18486 | Orc:1    | Noticed Urug
 18513 | Orc:1    | Killed Urug
 18753 | Orc:1    | Noticed Maurice
 18769 | Orc:1    | Killed Maurice
 18960 | Orc:2    | Entered Level 2 of the Orcish Mines
 18966 | Orc:2    | Received a gift from Okawaru
 18996 | Orc:2    | Found a staircase to the Elven Halls.
 19366 | Orc:2    | Reached XP level 15. HP: 84/96 MP: 23/23
 19393 | Orc:2    | Noticed an orc warlord
 19407 | Orc:2    | Killed an orc warlord
 19451 | Orc:2    | Noticed Saint Roka
 19466 | Orc:2    | Killed Saint Roka
 19557 | Orc:2    | Found a roughly hewn altar of Beogh.
 19579 | Orc:2    | Found Qasatul's Antique Weapon Shoppe.
 19617 | Orc:2    | Found Hiuror Wirug's General Store.
 19620 | Orc:2    | Found Cuamawud's Jewellery Shoppe.
 19748 | Orc:2    | Found Ixi Ylops's Antique Armour Shoppe.
 19868 | Orc:2    | Received a gift from Okawaru
 20240 | Orc:1    | Found a runed translucent gate.
 20240 | Orc:1    | Found a runed translucent gate.
 20240 | Orc:1    | Found a runed translucent gate.
 20288 | Orc:1    | Found an opulent altar of Gozag.
 20291 | Orc:1    | Noticed TarVian's ghost (journeyman MiFi)
 20364 | Orc:1    | Killed TarVian's ghost
 21150 | D:12     | Received a gift from Okawaru
 21150 | D:12     | Reached skill level 5 in Armour
 21293 | D:12     | Got a distressingly furry scale mail
 21304 | D:12     | Identified the cursed +1 scale mail "Ugyqimis" {Int+4 Dex+2
                  | Stlth+} (You found it on level 12 of the Dungeon)
 21346 | D:12     | Found a portal to a secret trove of treasure.
 21812 | Orc:2    | Bought warped gold dragon scales for 1870 gold pieces
 21822 | Orc:2    | Identified the +11 gold dragon scales of the Ego {rElec
                  | rPois rF+ rC+ Str+8} (You bought it in a shop on level 2 of
                  | the Orcish Mines)
 21985 | D:12     | Reached skill level 1 in Throwing
 22027 | D:13     | Received a gift from Okawaru
 22031 | D:13     | Got a distressingly furry cloak {god gift}
 22042 | D:13     | Identified the +2 cloak of the Kangaroo {rF+ rC+ Dex+4}
                  | (Okawaru gifted it to you on level 13 of the Dungeon)
 22288 | D:13     | Noticed Nessos
 22304 | D:13     | Killed Nessos
 22551 | D:13     | Noticed Jorgrun
 22567 | D:13     | Killed Jorgrun
 22845 | D:13     | Reached XP level 16. HP: 103/103 MP: 25/25
 22917 | D:13     | Found a gate to the Vaults.
 22965 | D:13     | Noticed Frances
 22976 | D:13     | Killed Frances
 22976 | D:13     | Received a gift from Okawaru
 22976 | D:13     | Reached skill level 5 in Throwing
 23512 | D:14     | Noticed Josephine
 23525 | D:14     | Killed Josephine
 23780 | D:15     | Entered Level 15 of the Dungeon
 23795 | D:15     | Reached skill level 10 in Armour
 23889 | D:15     | Received a gift from Okawaru
 24091 | D:15     | Received a gift from Okawaru
 24094 | D:15     | Got a masterwork helmet {god gift}
 24105 | D:15     | Identified the +2 helmet of Pride {MR- Int+4} (Okawaru
                  | gifted it to you on level 15 of the Dungeon)
 24358 | D:15     | Noticed Azrael
 24372 | D:15     | Killed Azrael
 24523 | D:15     | Found a staircase to the Depths.
 25132 | Depths:1 | Entered Level 1 of the Depths
 25132 | Depths:1 | Noticed a sphinx
 25147 | Depths:1 | Paralysed by a sphinx for 2 turns
 25160 | D:15     | Killed a sphinx
 25322 | Swamp:1  | Entered Level 1 of the Swamp
 25327 | Swamp:1  | Noticed a thorn hunter
 25348 | Swamp:1  | Killed a thorn hunter
 25397 | Swamp:1  | Found a transporter.
 25578 | Swamp:1  | Found Imolock Utim's Island Escapes.
 25715 | Swamp:1  | Noticed a thorn hunter
 25734 | Swamp:1  | Killed a thorn hunter
 25843 | Swamp:1  | Found a transporter.
 25946 | Swamp:1  | Noticed a Hell Sentinel
 25953 | Swamp:1  | Killed a Hell Sentinel
 25955 | Swamp:1  | Gained mutation: You tend to lose your temper in combat.
                  | [mutagenic glow]
 25998 | Swamp:1  | Gained mutation: You occasionally shout uncontrollably at
                  | your foes. [mutagenic glow]
 26298 | Swamp:1  | Got a clouded marble ring
 26312 | Swamp:1  | Got a flickering amber ring
 26322 | Swamp:1  | Identified the ring of Zozifai {rC+ SInv Stlth+} (You found
                  | it on level 1 of the Swamp)
 26323 | Swamp:1  | Identified the ring of Balance {MR+ Stlth+} (You found it
                  | on level 1 of the Swamp)
 26388 | Swamp:2  | Noticed a thorn hunter
 26403 | Swamp:2  | Killed a thorn hunter
 26421 | Swamp:2  | Received a gift from Okawaru
 26528 | Swamp:2  | Reached XP level 17. HP: 108/108 MP: 26/26
 26787 | Swamp:2  | Learned a level 3 spell: Lesser Beckoning
 27126 | Swamp:3  | Reached skill level 1 in Spellcasting
 27126 | Swamp:3  | Reached skill level 1 in Translocations
 27315 | Swamp:3  | Noticed Mara
 27326 | Swamp:3  | Noticed Delamore's illusion
 27355 | Swamp:3  | Killed Mara
 27360 | Swamp:3  | Noticed Louise
 27396 | Swamp:3  | Killed Louise
 27512 | Swamp:3  | Noticed a tentacled monstrosity
 27522 | Swamp:3  | Killed a tentacled monstrosity
 27522 | Swamp:3  | Received a gift from Okawaru
 27628 | Swamp:3  | Reached skill level 5 in Spellcasting
 27628 | Swamp:3  | Reached skill level 5 in Translocations
 27956 | Swamp:4  | Entered Level 4 of the Swamp
 28011 | Swamp:4  | Noticed Roxanne
 28595 | Swamp:4  | Noticed the 27-headed Lernaean hydra
 28598 | Swamp:4  | Received a gift from Okawaru
 28607 | Swamp:4  | Killed the 27-headed Lernaean hydra
 28607 | Swamp:4  | Reached XP level 18. HP: 84/113 MP: 28/28
 28832 | Swamp:4  | Got a decaying rune of Zot
 29039 | Snake:1  | Entered Level 1 of the Snake Pit
 29178 | D:11     | Bought a +1 pair of boots of running for 474 gold pieces
 29314 | Snake:1  | Found Orijal's Armour Shoppe.
 29547 | Snake:1  | Received a gift from Okawaru
 29552 | Snake:1  | Got a jewelled flail {god gift}
 29553 | Snake:1  | Identified the +7 flail of Generosity {freeze, +Blink Int-2
                  | Dex+8 Stlth+} (Okawaru gifted it to you on level 1 of the
                  | Snake Pit)
 29735 | Snake:1  | Noticed Aizul
 29762 | Snake:1  | Killed Aizul
 30071 | Snake:2  | Noticed Vashnia
 30090 | Snake:2  | Killed Vashnia
 30092 | Snake:2  | Received a gift from Okawaru
 30101 | Snake:2  | Got a glimmering buckler {god gift}
 30113 | Snake:2  | Found a frozen archway.
 30131 | Snake:2  | Identified the -5 buckler of Shadows and Fog {+Fly rF+++
                  | rCorr Slay-3} (Okawaru gifted it to you on level 2 of the
                  | Snake Pit)
 30139 | IceCv    | Entered an ice cave
 31888 | Snake:3  | Reached skill level 10 in Spellcasting
 31888 | Snake:3  | Reached skill level 10 in Translocations
 32076 | Snake:3  | Received a gift from Okawaru
 32099 | Snake:3  | Reached XP level 19. HP: 118/118 MP: 33/33
 32101 | Snake:3  | Received a gift from Okawaru
 32172 | Snake:3  | Found Sugonaupp's Antique Weapon Emporium.
 32227 | Snake:3  | Found Ethylih's Weapon Boutique.
 32797 | Snake:4  | Entered Level 4 of the Snake Pit
 32797 | Snake:4  | Noticed Agnes
 32819 | Snake:4  | Killed Agnes
 32819 | Snake:4  | Received a gift from Okawaru
 33229 | Snake:4  | Received a gift from Okawaru
 33636 | Snake:4  | Received a gift from Okawaru
 34001 | Snake:4  | Got a serpentine rune of Zot
 34379 | Vaults:1 | Entered Level 1 of the Vaults
 34414 | Vaults:1 | Received a gift from Okawaru
 34652 | Vaults:1 | Found Miukia's Jewellery Shop.
 34740 | Vaults:1 | Reached XP level 20. HP: 124/124 MP: 36/36
 34757 | Vaults:1 | Received a gift from Okawaru
 34821 | Vaults:1 | Received a gift from Okawaru
 34984 | Vaults:1 | Identified a scroll of acquirement
 34985 | Vaults:1 | Acquired 4840 gold pieces
 35092 | Vaults:1 | Bought the ring "Fiamnix" {rElec rC+ rN+++ Int-3 SInv} for
                  | 984 gold pieces
 35710 | Vaults:1 | You are sucked into a shaft and drop 1 floor!
 36075 | Vaults:2 | Received a gift from Okawaru
 36462 | Vaults:2 | Found a radiant altar of Vehumet.
 36480 | Vaults:2 | Got a distressingly furry hat
 36491 | Vaults:2 | Identified the cursed +0 hat of Sogg {MP+9 Int+4} (You
                  | found it on level 2 of the Vaults)
 36548 | Vaults:2 | Got a distressingly furry hat
 36560 | Vaults:2 | Identified the +0 hat of Whack-A-Mole {rN+} (You found it
                  | on level 2 of the Vaults)
 36586 | Vaults:2 | Found Mihedyokhla's Jewellery Shoppe.
 37384 | Vaults:3 | Received a gift from Okawaru
 37498 | Vaults:3 | Found Lodeng's Gadget Shop.
 37590 | Vaults:3 | Bought a phantom mirror for 480 gold pieces
 37590 | Vaults:3 | Bought a phantom mirror for 480 gold pieces
 37700 | Vaults:3 | Reached XP level 21. HP: 132/132 MP: 38/38
 38118 | Vaults:3 | Reached skill level 1 in Evocations
 38124 | Vaults:3 | Found a staircase to the Crypt.
 38508 | Vaults:4 | Found a gateway to a bazaar.
 38515 | Bazaar   | Entered a bazaar
 38515 | Bazaar   | Found Cybreatt's Antique Armour Shop.
 38515 | Bazaar   | Found Aseepok's Antique Weapon Shop.
 38539 | Bazaar   | Found Isyeprad's General Store.
 38571 | Vaults:4 | Received a gift from Okawaru
 38764 | Vaults:4 | Reached skill level 15 in Fighting
 39015 | Vaults:4 | Reached skill level 5 in Evocations
 39701 | Vaults:4 | Received a gift from Okawaru
 39798 | Vaults:5 | Entered Level 5 of the Vaults
 39815 | Vaults:5 | Received a gift from Okawaru
 39819 | Vaults:5 | Received a gift from Okawaru
 39927 | Vaults:5 | Noticed a golden dragon
 39935 | Vaults:5 | Killed a golden dragon
 40058 | Vaults:5 | Got a scorched wooden ring
 40059 | Vaults:5 | Identified the ring "Etrohy" {rElec rF+ rC+ Str+2} (You
                  | found it on level 5 of the Vaults)
 40086 | Vaults:5 | Reached XP level 22. HP: 127/143 MP: 39/39
 40190 | Vaults:5 | Received a gift from Okawaru
 40220 | Vaults:5 | Received a gift from Okawaru
 40326 | Vaults:5 | Reached skill level 10 in Evocations
 40489 | Vaults:5 | Received a gift from Okawaru
 40762 | Vaults:5 | Noticed a golden dragon
 40772 | Vaults:5 | Killed a golden dragon
 40807 | Vaults:5 | Noticed a golden dragon
 40817 | Vaults:5 | Killed a golden dragon
 40869 | Vaults:5 | Learned a level 2 spell: Blink
 41051 | Vaults:5 | Identified the +3 falchion of Fortitude {vorpal, rElec
                  | Str+5 Int-2 Dex-5}
 41053 | Vaults:5 | Reached XP level 23. HP: 149/153 MP: 40/40
 41209 | Vaults:5 | Noticed a golden dragon
 41220 | Vaults:5 | Killed a golden dragon
 41220 | Vaults:5 | Received a gift from Okawaru
 41230 | Vaults:5 | Identified the Handbook of Aid and Heat
 41240 | Vaults:5 | Got a silver rune of Zot
 41694 | Vaults:5 | Got a scorched cloak
 41695 | Vaults:5 | Identified the +0 cloak of the Gastropod {+Fly rCorr
                  | Slay-3} (You found it on level 5 of the Vaults)
 41834 | Vaults:5 | Found Sogate's Gadget Shop.
 42162 | D:12     | You paid a toll of +3 shadow dragon scales to enter a
                  | treasure trove
 42163 | Trove    | Entered a treasure trove
 42174 | Trove    | Got a warped ivory ring
 42176 | Trove    | Got a scintillating golden ring
 42179 | Trove    | Got a shimmering lapis lazuli ring
 42181 | Trove    | Got a scorched iron ring
 42183 | Trove    | Got an ancient ivory ring
 42189 | Trove    | Got a translucent granite ring
 42191 | Trove    | Got a wavering tin ring
 42193 | Trove    | Got a sparkling marble ring
 42195 | Trove    | Got a transparent zirconium amulet
 42207 | D:12     | Identified the ring "Vydem" {Ice rPois} (You found it in a
                  | treasure trove)
 42208 | D:12     | Identified the amulet of Dishonesty {RegenMP Dex+3} (You
                  | found it in a treasure trove)
 42219 | D:12     | Identified the ring of a Billion Knives {Ice Dex+2} (You
                  | found it in a treasure trove)
 42221 | D:12     | Identified the ring of Fun {Wiz Int+4} (You found it in a
                  | treasure trove)
 42223 | D:12     | Identified the ring "Ruzuv" {Ice *Drain rN++ Str+3 Int+7}
                  | (You found it in a treasure trove)
 42227 | D:12     | Identified the ring of Notized {Ice +Fly rPois Dex+2} (You
                  | found it in a treasure trove)
 42229 | D:12     | Identified the ring "Xupounism" {MR+ Dex+3} (You found it
                  | in a treasure trove)
 42233 | D:12     | Identified the ring of Qodeaxzu {*Corrode rElec rC+ Str+2
                  | Slay+4 Stlth+} (You found it in a treasure trove)
 42235 | D:12     | Identified the ring "Arirchiuwk" {rElec rC+ MR+ Int+6
                  | Dex-4} (You found it in a treasure trove)
 42366 | Depths:1 | Received a gift from Okawaru
 42608 | Vaults:1 | Lost mutation: You are resistant to hostile enchantments.
                  | (MR+) [potion of mutation]
 42608 | Vaults:1 | Lost mutation: You tend to lose your temper in combat.
                  | [potion of mutation]
 42608 | Vaults:1 | Lost mutation: You occasionally shout uncontrollably at
                  | your foes. [potion of mutation]
 42608 | Vaults:1 | Gained mutation: You heal very quickly. [potion of
                  | mutation]
 42608 | Vaults:1 | Gained mutation: You are somewhat resistant to further
                  | mutation. [potion of mutation]
 43294 | Depths:1 | Received a gift from Okawaru
 43533 | Depths:1 | Found a gateway to Hell.
 43754 | Depths:1 | Found the ring of Phasing {EV+8}
 43777 | Depths:1 | Found a runed translucent door.
 43799 | Depths:1 | Received a gift from Okawaru
 44158 | Depths:2 | Found Efulimat's General Store.
 44182 | Depths:2 | Bought a scroll of blinking for 120 gold pieces
 44182 | Depths:2 | Bought a scroll of teleportation for 48 gold pieces
 44182 | Depths:2 | Bought a scroll of identify for 32 gold pieces
 44334 | Depths:2 | Found a blossoming altar of Fedhas.
 44335 | Depths:2 | Found a shimmering altar of Xom.
 44335 | Depths:2 | Found a radiant altar of Vehumet.
 44335 | Depths:2 | Found an ornate altar of the Wu Jian Council.
 44353 | Depths:2 | Received a gift from Okawaru
 44621 | Depths:2 | Identified the +5 demon whip "Conservator" {pain, SInv}
 45168 | Depths:2 | Reached XP level 24. HP: 162/162 MP: 40/40
 45178 | Depths:2 | Identified the +8 shortbow "Diloles" {vorpal, rElec rN+
                  | Str-4 Int+2}
 45374 | Depths:2 | Acquired the +3 pair of gauntlets of War {Slay+5}
 45375 | Depths:2 | Found the +3 pair of gauntlets of War {Slay+5}
 45623 | Depths:3 | Found Pulaoh's Assorted Antiques.
 45794 | Depths:3 | Bought a scroll of identify for 76 gold pieces
 45805 | Depths:3 | Found a one-way gate leading to the halls of Pandemonium.
 45894 | Depths:3 | Received a gift from Okawaru
 45897 | Depths:3 | Noticed Bai Suzhen
 45913 | Depths:3 | Killed Bai Suzhen
 46153 | Depths:3 | Noticed Rupert
 46166 | Depths:3 | Killed Rupert
 46480 | Depths:3 | Noticed Mennas
 46496 | Depths:3 | Killed Mennas
 46496 | Depths:3 | Received a gift from Okawaru
 46499 | Depths:3 | Got a pair of warped boots {god gift}
 46510 | Depths:3 | Identified the +1 pair of boots of Peek-a-Boo {rPois rCorr}
                  | (Okawaru gifted it to you on level 3 of the Depths)
 46980 | Depths:4 | Found a sparkling altar of Nemelex Xobeh.
 46987 | Depths:4 | You fall into a shaft and drop 1 floor!
 46987 | Depths:5 | Entered Level 5 of the Depths
 46988 | Depths:5 | Noticed a juggernaut
 46992 | Depths:5 | Killed a juggernaut
 47037 | Depths:5 | Noticed a caustic shrike
 47048 | Depths:5 | Killed a caustic shrike
 47066 | Depths:5 | Reached XP level 25. HP: 159/168 MP: 40/40
 47068 | Depths:5 | Identified the ring of Sunlight {Ice +Blink rN+++ Int-5
                  | Dex+4}
 47323 | Depths:5 | Received a gift from Okawaru
 47334 | Depths:5 | Noticed a juggernaut
 47361 | Depths:5 | Killed a juggernaut
 47361 | Depths:5 | Received a gift from Okawaru
 47523 | Depths:5 | Received a gift from Okawaru
 47632 | Depths:5 | Found an ancient bone altar of Kikubaaqudgha.
 47632 | Depths:5 | Found a stormy altar of Qazlal.
 47638 | Depths:5 | Found a basalt altar of Yredelemnul.
 47860 | Depths:5 | Found a one-way gate to the infinite horrors of the Abyss.
 48289 | Depths:5 | Found a gate to the Realm of Zot.
 48424 | Depths:5 | Voluntarily entered the Abyss.
 48426 | Abyss:1  | Found a corrupted altar of Lugonu.
 48469 | Abyss:1  | Received a gift from Okawaru
 48777 | Abyss:2  | Gained mutation: Your spells are harder to cast, but more
                  | powerful. [a cacodemon]
 48840 | Abyss:2  | Got a steaming plate armour
 48870 | Abyss:2  | Reached XP level 26. HP: 157/173 MP: 40/40
 49063 | Abyss:3  | Found a corrupted altar of Lugonu.
 49092 | Abyss:3  | Paralysed by accursed screaming for 1 turns
 49099 | Abyss:3  | Paralysed by accursed screaming for 1 turns
 49182 | Abyss:3  | Received a gift from Okawaru
 49828 | Abyss:3  | Received a gift from Okawaru
 50132 | Abyss:3  | Got an abyssal rune of Zot
 50233 | Abyss:3  | Paralysed by accursed screaming for 2 turns
 50367 | Depths:5 | Escaped the Abyss
 50372 | Depths:5 | Acquired a book of the Warp
 50383 | Depths:5 | Learned a level 8 spell: Controlled Blink
 50451 | Depths:4 | Received a gift from Okawaru
 50555 | Depths:4 | Found a shimmering altar of Xom.
 50606 | Depths:4 | Found a runed translucent door.
 50613 | Depths:4 | Received a gift from Okawaru
 50629 | Depths:4 | Received a gift from Okawaru
 50666 | Depths:4 | Identified the +4 plate armour of Misanthropy {rCorr Int+9
                  | Dex-3 Stlth-} (You found it on level 2 of the Abyss)
 50756 | Depths:4 | Found a gateway to a ziggurat.
 51428 | Elf:1    | Entered Level 1 of the Elven Halls
 51444 | Elf:1    | Lost mutation: You heal very quickly. [a neqoxec]
 51577 | Elf:1    | Identified Yniof's Reference Book on the Entourage
 51893 | Elf:1    | Reached XP level 27. HP: 178/180 MP: 40/40
 52459 | Elf:2    | Found a runed translucent gate.
 52459 | Elf:2    | Found a runed translucent gate.
 52459 | Elf:2    | Found a runed translucent gate.
 52496 | Elf:2    | Received a gift from Okawaru
 53224 | Elf:3    | Entered Level 3 of the Elven Halls
 53415 | Elf:3    | Received a gift from Okawaru
 53688 | Elf:3    | Reached skill level 10 in Throwing
 53764 | Elf:3    | Received a gift from Okawaru
 53961 | Elf:3    | Identified the +6 long sword "Jealinog" {distort, *Contam
                  | Str+4}
 53962 | Elf:3    | Found a transporter.
 53967 | Elf:3    | Noticed stripedtigrrr's ghost (adept SpAs)
 53990 | Elf:3    | Identified the ring of Liase {MR- EV+4 Str+2 Dex+8}
 53993 | Elf:3    | Killed stripedtigrrr's ghost
 53994 | Elf:3    | Received a gift from Okawaru
 53998 | Elf:3    | Found a transporter.
 54260 | Elf:3    | Identified the amulet "Beukidde" {Faith rN+}
 54641 | Elf:3    | Identified the Volume of Poison and the Mountains
 54645 | Elf:3    | Got a pair of heavily runed gloves
 54646 | Elf:3    | Identified the +0 pair of gloves "Eblunica" {rElec rN++
                  | Str+8 Int-3} (You found it on level 3 of the Elven Halls)
 54651 | Elf:3    | Identified the Guide on the Traveller and Transformation
 54671 | Elf:3    | Identified the Almanac of Aid and the Frostbite
 55040 | D:11     | Bought a +0 tower shield for 58 gold pieces
 55308 | Zot:1    | Entered Level 1 of the Realm of Zot
 55313 | Zot:1    | Identified the +4 dragonskin cloak
 55313 | Zot:1    | Noticed Tiamat
 55318 | Zot:1    | Received a gift from Okawaru
 55363 | Zot:1    | Killed Tiamat
 55363 | Zot:1    | Received a gift from Okawaru
 55396 | Zot:1    | Got a fine demon whip {god gift}
 55409 | Zot:1    | Identified the +7 demon whip of the Shimmering Queen
                  | {flame, Int+7} (Okawaru gifted it to you on level 1 of the
                  | Realm of Zot)
 56652 | Zot:2    | Received a gift from Okawaru
 57927 | Zot:3    | Noticed an ancient lich
 58055 | Zot:3    | Killed an ancient lich
 58160 | Zot:3    | Received a gift from Okawaru
 59653 | Zot:4    | Received a gift from Okawaru
 60568 | Zot:5    | Entered Level 5 of the Realm of Zot
 60722 | Zot:5    | Received a gift from Okawaru
 61198 | Zot:5    | Noticed an orb of fire
 61198 | Zot:5    | Noticed an orb of fire
 61208 | Zot:5    | Noticed an orb of fire
 61228 | Zot:4    | Killed an orb of fire
 61228 | Zot:4    | Received a gift from Okawaru
 61246 | Zot:5    | Killed an orb of fire
 61251 | Zot:5    | Noticed an ancient lich
 61251 | Zot:5    | Noticed an ancient lich
 61251 | Zot:5    | Noticed an orb of fire
 61253 | Zot:5    | Gained mutation: You are clumsy. (Dex -2) [an orb of fire]
 61258 | Zot:5    | Killed an orb of fire
 61269 | Zot:5    | Noticed an orb of fire
 61270 | Zot:5    | Killed an ancient lich
 61280 | Zot:5    | Killed an orb of fire
 61285 | Zot:5    | Gained mutation: Scrolls take you a little longer to read.
                  | [an orb of fire]
 61285 | Zot:5    | Gained mutation: Your body sometimes deteriorates upon
                  | taking damage. [an orb of fire]
 61297 | Zot:5    | Killed an orb of fire
 61298 | Zot:5    | Noticed an ancient lich
 61302 | Zot:5    | Killed an ancient lich
 61302 | Zot:5    | Received a gift from Okawaru
 61462 | Zot:5    | Killed an ancient lich
 61483 | Zot:5    | Noticed an ancient lich
 61497 | Zot:5    | Noticed an ancient lich
 61499 | Zot:5    | Killed an ancient lich
 61509 | Zot:5    | Killed an ancient lich
 61512 | Zot:5    | Noticed an ancient lich
 61633 | Zot:5    | Received a gift from Okawaru
 61633 | Zot:5    | Reached skill level 27 in Fighting
 61641 | Zot:5    | Killed an ancient lich
 61678 | Zot:5    | Noticed an ancient lich
 61685 | Zot:5    | Killed an ancient lich
 62034 | Zot:5    | Gained mutation: You are very weak. (Str -4) [mutagenic
                  | glow]
 62050 | Zot:5    | Noticed an ancient lich
 62063 | Zot:5    | Killed an ancient lich
 62723 | D:7      | Fell from the grace of Okawaru
 62723 | D:7      | Became a worshipper of the Shining One
 62998 | Crypt:1  | Entered Level 1 of the Crypt
 63120 | Crypt:1  | Reached * piety under the Shining One
 63255 | Crypt:1  | Reached ** piety under the Shining One
 63469 | Crypt:1  | Reached *** piety under the Shining One
 64087 | Crypt:2  | Noticed Xtahua
 64103 | Crypt:2  | Killed Xtahua
 64103 | Crypt:2  | Paralysed by a vampire knight for 5 turns
 64119 | Crypt:2  | Reached **** piety under the Shining One
 64168 | Crypt:2  | Noticed Frederick
 64188 | Crypt:2  | Killed Frederick
 64292 | Crypt:2  | Reached ***** piety under the Shining One
 64392 | Crypt:2  | Noticed Jory
 64403 | Crypt:2  | Killed Jory
 64468 | Crypt:2  | Found a huge runed gate.
 64468 | Crypt:2  | Found a huge runed gate.
 64475 | Crypt:2  | Found a huge runed gate.
 64476 | Crypt:2  | Found a huge runed gate.
 64476 | Crypt:2  | Found a huge runed gate.
 64476 | Crypt:2  | Found a huge runed gate.
 64476 | Crypt:2  | Found a huge runed gate.
 64476 | Crypt:2  | Found a huge runed gate.
 64478 | Crypt:2  | Found a huge runed gate.
 64478 | Crypt:2  | Found a huge runed gate.
 64478 | Crypt:2  | Found a huge runed gate.
 64478 | Crypt:2  | Found a huge runed gate.
 64478 | Crypt:2  | Found a huge runed gate.
 64478 | Crypt:2  | Found a huge runed gate.
 64478 | Crypt:2  | Found a huge runed gate.
 64482 | Crypt:2  | Found a huge runed gate.
 64485 | Crypt:2  | Found a huge runed gate.
 64486 | Crypt:2  | Found a huge runed gate.
 64717 | Crypt:2  | Found a huge runed gate.
 64717 | Crypt:2  | Found a huge runed gate.
 64717 | Crypt:2  | Found a huge runed gate.
 64721 | Crypt:2  | Found a huge runed gate.
 64822 | Crypt:2  | Found a huge runed gate.
 64822 | Crypt:2  | Found a huge runed gate.
 64893 | Crypt:3  | Entered Level 3 of the Crypt
 65094 | Crypt:2  | Noticed an ancient lich
 65095 | Crypt:2  | Noticed an ancient lich
 65095 | Crypt:2  | Noticed an ancient lich
 65114 | Crypt:2  | Killed an ancient lich
 65134 | Crypt:2  | Killed an ancient lich
 65155 | Crypt:2  | Killed an ancient lich
 65294 | Crypt:3  | Reached ****** piety under the Shining One
 65492 | Crypt:3  | Noticed a greater mummy
 65492 | Crypt:3  | Found a staircase to the Tomb.
 65507 | Crypt:3  | Killed a greater mummy
 65830 | Crypt:3  | Found a basalt altar of Yredelemnul.
 66199 | Crypt:3  | Identified the Tome of Helpful Fire
 66213 | Crypt:3  | Identified the Compendium of Helpful Hexes
 66221 | Crypt:3  | Acquired 2730 gold pieces
 67061 | Hell     | Entered the Vestibule of Hell
 67101 | Hell     | Found a gateway to the Iron City of Dis.
 67205 | Hell     | Found a gateway to the ashen valley of Gehenna.
 67241 | Hell     | Noticed Geryon
 67266 | Hell     | Killed Geryon
 67341 | Hell     | Found a gateway to the decaying netherworld of Tartarus.
 67447 | Hell     | Found a gateway to the freezing wastes of Cocytus.
 67649 | Dis:1    | Entered Level 1 of the Iron City of Dis
 67652 | Dis:1    | Reached skill level 27 in Maces & Flails
 67966 | Dis:2    | You are sucked into a shaft and drop 1 floor!
 68055 | Dis:3    | Identified a +9 eveningstar of holy wrath (a +9 eveningstar
                  | of electrocution blessed by the Shining One)
 68055 | Dis:3    | Received a gift from the Shining One
 68164 | Dis:3    | Was forgiven by Okawaru
 68483 | Dis:4    | Reached skill level 15 in Armour
 68516 | Dis:4    | Lost mutation: You expend magic power (3 MP) to strengthen
                  | your wands. [potion of mutation]
 68516 | Dis:4    | Lost mutation: You are very weak. (Str -4) [potion of
                  | mutation]
 68516 | Dis:4    | Lost mutation: Your body sometimes deteriorates upon taking
                  | damage. [potion of mutation]
 68516 | Dis:4    | Lost mutation: You are somewhat resistant to further
                  | mutation. [potion of mutation]
 68516 | Dis:4    | Lost mutation: You are weak. (Str -2) [potion of mutation]
 68516 | Dis:4    | Gained mutation: Armour fits poorly on your strangely
                  | shaped body. [potion of mutation]
 68516 | Dis:4    | Gained mutation: Your spells are much harder to cast, but
                  | much more powerful. [potion of mutation]
 68516 | Dis:4    | Gained mutation: Your flesh is cold resistant. (rC+)
                  | [potion of mutation]
 69644 | Dis:7    | Entered Level 7 of the Iron City of Dis
 69870 | Dis:7    | Reached skill level 15 in Invocations
 70077 | Dis:7    | Identified Sif Muna's Incunabulum of Conjuration and the
                  | Frostbite
 70189 | Dis:7    | Identified Sif Muna's Volume of the Frostbite and the Oath
 70352 | Dis:7    | Identified the Collected Works on Dusty Shape Shifting
 70397 | Dis:7    | Identified A Primer on Spellweaving
 70570 | Dis:7    | Identified the +4 staff of Dispater
 70570 | Dis:7    | Noticed Dispater
 70664 | Dis:7    | Killed Dispater
 70689 | Dis:7    | Got an iron rune of Zot
 70737 | Coc:1    | Entered Level 1 of Cocytus
 71245 | Coc:7    | Entered Level 7 of Cocytus
 71645 | Coc:7    | Lost mutation: Scrolls take you a little longer to read.
                  | [potion of mutation]
 71645 | Coc:7    | Lost mutation: You are clumsy. (Dex -2) [potion of
                  | mutation]
 71645 | Coc:7    | Lost mutation: Your flesh is cold resistant. (rC+) [potion
                  | of mutation]
 71645 | Coc:7    | Gained mutation: You possess an exceptional clarity of
                  | mind. [potion of mutation]
 71645 | Coc:7    | Gained mutation: Your body sometimes deteriorates upon
                  | taking damage. [potion of mutation]
 71645 | Coc:7    | Gained mutation: You are partially covered in icy blue
                  | scales. (AC +2) [potion of mutation]
 71859 | Coc:7    | Reached skill level 27 in Shields
 71896 | Coc:7    | Noticed Antaeus
 71915 | Coc:7    | Killed Antaeus
 71939 | Coc:7    | Got an icy rune of Zot
 72058 | Tar:1    | Entered Level 1 of Tartarus
 72329 | Tar:3    | You are sucked into a shaft and drop 2 floors!
 72590 | Tar:7    | Entered Level 7 of Tartarus
 73049 | Tar:7    | Noticed Ereshkigal
 73066 | Tar:7    | Killed Ereshkigal
 73102 | Tar:7    | Got a bone rune of Zot
 73438 | Tar:7    | Got a faintly glowing ruby amulet
 73696 | Tar:7    | Got a bound bone ring
 73705 | Tar:7    | Identified the amulet of Panentheism {Inacc rPois Dex+4
                  | SInv} (You found it on level 7 of Tartarus)
 73706 | Tar:7    | Identified the ring of Awe {MR+ AC+4 Dex-2 SInv Stlth+}
                  | (You found it on level 7 of Tartarus)
 73859 | Geh:1    | Entered Level 1 of Gehenna
 73916 | Geh:1    | You are sucked into a shaft and drop 1 floor!
 74929 | Geh:7    | Entered Level 7 of Gehenna
 75648 | Geh:7    | Noticed the Serpent of Hell
 75672 | Geh:7    | Killed the Serpent of Hell
 75982 | Geh:7    | Identified the +7 sceptre of Asmodeus
 75982 | Geh:7    | Noticed Asmodeus
 76039 | Geh:7    | Killed Asmodeus
 76077 | Geh:7    | Identified the +6 chain mail of the Eternal Fruit {Dex+4}
 76113 | Geh:7    | Identified the Handbook of the Voyage
 76131 | Geh:7    | Got a glimmering tower shield
 76144 | Geh:7    | Identified the +3 tower shield of the Snake Pit {rF+ Str+3
                  | Stlth-} (You found it on level 7 of Gehenna)
 76173 | Geh:7    | Got an obsidian rune of Zot
 76334 | Zig:1    | Entered Level 1 of a ziggurat
 76334 | Zig:1    | Noticed Tall the pandemonium lord
 76345 | Zig:1    | Killed Tall the pandemonium lord
 76380 | Zig:2    | Entered Level 2 of a ziggurat
 76406 | Zig:3    | Entered Level 3 of a ziggurat
 76431 | Zig:4    | Entered Level 4 of a ziggurat
 76487 | Zig:5    | Entered Level 5 of a ziggurat
 76536 | Zig:5    | Identified the Volume of Virous Feathers
 76547 | Zig:6    | Entered Level 6 of a ziggurat
 76597 | Zig:7    | Entered Level 7 of a ziggurat
 76718 | Zig:8    | Entered Level 8 of a ziggurat
 76755 | Zig:8    | Got a faintly glowing wooden ring
 76817 | Zig:8    | Identified the ring of Abstinence {+Fly rCorr Str+6 Int-5
                  | SInv} (You found it on level 8 of a ziggurat)
 76830 | Zig:9    | Entered Level 9 of a ziggurat
 76882 | Zig:9    | Got an ancient diamond amulet
 76909 | Zig:10   | Entered Level 10 of a ziggurat
 76912 | Zig:10   | Identified the amulet "Xaf Fat" {Acrobat rF++ Str+4 Stlth-}
                  | (You found it on level 9 of a ziggurat)
 76920 | Zig:10   | Noticed Titzoh the pandemonium lord
 76936 | Zig:10   | Killed Titzoh the pandemonium lord
 76990 | Zig:11   | Entered Level 11 of a ziggurat
 77076 | Zig:11   | Got a flickering ivory ring
 77078 | Zig:11   | Identified the Catalogue of the Thirteen Mystics
 77085 | Zig:11   | Identified the ring of Kekki {+Blink +Fly rF- Int+3} (You
                  | found it on level 11 of a ziggurat)
 77092 | Zig:12   | Entered Level 12 of a ziggurat
 77423 | Zig:12   | Got a pair of slimy gloves
 77430 | Zig:12   | Identified the +2 pair of gloves of Past Mistakes {rF-
                  | Str-4 Int+7 Dex+3} (You found it on level 12 of a ziggurat)
 77435 | Zig:13   | Entered Level 13 of a ziggurat
 77621 | Zig:13   | Identified Wesix's Beginning Course on Spellcasting
 77666 | Zig:14   | Entered Level 14 of a ziggurat
 77872 | Zig:15   | Entered Level 15 of a ziggurat
 77986 | Zig:15   | Found the amulet of the Four Winds {rN+ MR+++ Clar}
 78128 | Zig:16   | Entered Level 16 of a ziggurat
 78167 | Zig:16   | Reached skill level 27 in Armour
 78225 | Zig:16   | Got a smoking pewter ring
 78230 | Zig:16   | Identified Peixkepp's Collected Works on Boosting Flames
 78259 | Zig:16   | Identified the ring of Diuxt {+Blink MR++ rCorr Str-2} (You
                  | found it on level 16 of a ziggurat)
 78265 | Zig:17   | Entered Level 17 of a ziggurat
 78879 | Zig:17   | Found the +8 Wrath of Trog {antimagic, *Rage}
 78896 | Zig:17   | Identified the Collected Works on Dusty Confrontation
 78957 | Zig:18   | Entered Level 18 of a ziggurat
 79009 | Zig:18   | Reached skill level 27 in Invocations
 79172 | Zig:18   | Got a pair of brightly glowing boots
 79191 | Zig:18   | Identified Sif Muna's Collected Works on the Fiery Glacier
 79194 | Zig:18   | Got a twitching bronze ring
 79209 | Zig:18   | Identified the +8 whip of the Endless Spines {flame,
                  | *Corrode rElec Dex+6} (You found it on level 18 of a
                  | ziggurat)
 79212 | Zig:18   | Identified the +2 pair of boots "Teygrazu" {Int+2} (You
                  | found it on level 18 of a ziggurat)
 79213 | Zig:18   | Identified the ring "Tetairgh" {rElec rPois rF+} (You found
                  | it on level 18 of a ziggurat)
 79224 | Zig:19   | Entered Level 19 of a ziggurat
 79244 | Zig:19   | Noticed a greater mummy
 79246 | Zig:19   | Noticed a greater mummy
 79250 | Zig:19   | Noticed a greater mummy
 79251 | Zig:19   | Killed a greater mummy
 79251 | Zig:19   | Reached skill level 15 in Throwing
 79251 | Zig:19   | Noticed a greater mummy
 79254 | Zig:19   | Killed a greater mummy
 79256 | Zig:19   | Killed a greater mummy
 79257 | Zig:19   | Killed a greater mummy
 79259 | Zig:19   | Noticed a greater mummy
 79268 | Zig:19   | Noticed a greater mummy
 79270 | Zig:19   | Noticed a greater mummy
 79274 | Zig:19   | Noticed a greater mummy
 79276 | Zig:19   | Noticed a greater mummy
 79278 | Zig:19   | Killed a greater mummy
 79280 | Zig:19   | Killed a greater mummy
 79282 | Zig:19   | Noticed a greater mummy
 79286 | Zig:19   | Killed a greater mummy
 79290 | Zig:19   | Killed a greater mummy
 79292 | Zig:19   | Killed a greater mummy
 79301 | Zig:19   | Killed a greater mummy
 79347 | Zig:19   | Identified Juezih's Disquisition on Dark Arts
 79355 | Zig:19   | Got a pitted platinum amulet
 79362 | Zig:19   | Identified the amulet "Loharar" {RegenMP *Corrode rElec
                  | rPois Int-2} (You found it on level 19 of a ziggurat)
 79419 | Zig:20   | Entered Level 20 of a ziggurat
 79437 | Zig:20   | Learned a level 5 spell: Silence
 79453 | Zig:20   | Noticed a juggernaut
 79457 | Zig:20   | Killed a juggernaut
 79457 | Zig:20   | Noticed a juggernaut
 79458 | Zig:20   | Noticed a juggernaut
 79460 | Zig:20   | Noticed a juggernaut
 79468 | Zig:20   | Killed a juggernaut
 79487 | Zig:20   | Killed a juggernaut
 79490 | Zig:20   | Reached skill level 5 in Dodging
 79491 | Zig:20   | Killed a juggernaut
 79704 | Zig:20   | Lost mutation: Armour fits poorly on your strangely shaped
                  | body. [potion of mutation]
 79704 | Zig:20   | Lost mutation: Your spells are much harder to cast, but
                  | much more powerful. [potion of mutation]
 79704 | Zig:20   | Gained mutation: You have large cloven feet. [potion of
                  | mutation]
 79704 | Zig:20   | Gained mutation: You are somewhat resistant to further
                  | mutation. [potion of mutation]
 79805 | Zig:20   | Identified the +5 whip of the Piercing Rat {drain, *Slow
                  | rN+ Str+5 Int+3} (You found it on level 20 of a ziggurat)
 79811 | Zig:20   | Identified the Collected Works on Mutagenic Toxins
 79825 | Zig:21   | Entered Level 21 of a ziggurat
 80005 | Zig:21   | Reached skill level 15 in Evocations
 80130 | Zig:21   | Found the ring of the Octopus King
 80131 | Zig:21   | Found the +5 robe of Night {Dark MR+ SInv}
 80147 | Zig:21   | Identified the Disquisition on Hurtful Ice
 80159 | Zig:21   | Got a ring of the Octopus King
 80164 | Zig:21   | Identified a ring of the Octopus King {rCorr AC+1 EV+1
                  | Str+1 Int+1 Dex+1} (You found it on level 21 of a ziggurat)
 80177 | Zig:22   | Entered Level 22 of a ziggurat
 80459 | Zig:22   | Identified the Grimoire of the Traveller and the Glacier
 80471 | Zig:22   | Identified the Almanac of the Destructive Glacier
 80482 | Zig:23   | Entered Level 23 of a ziggurat
 80524 | Zig:23   | Noticed an ancient lich
 80528 | Zig:23   | Killed an ancient lich
 80528 | Zig:23   | Reached skill level 1 in Hexes
 80528 | Zig:23   | Reached skill level 1 in Air Magic
 80561 | Zig:23   | Noticed an ancient lich
 80573 | Zig:23   | Killed an ancient lich
 80574 | Zig:23   | Reached skill level 10 in Dodging
 80575 | Zig:23   | Noticed an ancient lich
 80587 | Zig:23   | Killed an ancient lich
 80597 | Zig:23   | Noticed an ancient lich
 80610 | Zig:23   | Killed an ancient lich
 80862 | Zig:23   | Found the +1 cloak of Starlight {rElec rC+ EV+4 Stlth--}
 80872 | Zig:23   | Identified the Guide on Freezing Ignition
 80890 | Zig:23   | Got a crude pewter amulet
 80896 | Zig:23   | Identified the Reference Book on Earthen Hexes
 80904 | Zig:23   | Identified the amulet "Dokkoguo" {Regen+ Dex+7} (You found
                  | it on level 23 of a ziggurat)
 80915 | Zig:24   | Entered Level 24 of a ziggurat
 80950 | Zig:24   | Noticed an ancient lich
 80950 | Zig:24   | Noticed an ancient lich
 80951 | Zig:24   | Noticed an ancient lich
 80953 | Zig:24   | Killed an ancient lich
 80953 | Zig:24   | Reached skill level 5 in Hexes
 80954 | Zig:24   | Killed an ancient lich
 80957 | Zig:24   | Killed an ancient lich
 80957 | Zig:24   | Reached skill level 5 in Air Magic
 81062 | Zig:24   | Noticed an ancient lich
 81068 | Zig:24   | Reached skill level 15 in Translocations
 81069 | Zig:24   | Killed an ancient lich
 81146 | Zig:24   | Noticed an ancient lich
 81150 | Zig:24   | Killed an ancient lich
 81165 | Zig:24   | Found the +12 Vampire's Tooth {vamp}
 81199 | Zig:24   | Identified the Volume of Aid
 81218 | Zig:24   | Got a glittering jade ring
 81230 | Zig:24   | Identified the cursed ring of Golyur {MP+9 EV-4 SInv} (You
                  | found it on level 24 of a ziggurat)
 81239 | Zig:25   | Entered Level 25 of a ziggurat
 81764 | Zig:25   | Identified the Guide on Arcane Weapons and Unholy Magic
 81774 | Zig:25   | Identified Cutatudo's Grimoire of Helpful Weightlessness
 81836 | Zig:26   | Entered Level 26 of a ziggurat
 81883 | Zig:26   | Noticed a greater mummy
 81889 | Zig:26   | Killed a greater mummy
 81897 | Zig:26   | Noticed a greater mummy
 81906 | Zig:26   | Killed a greater mummy
 81908 | Zig:26   | Noticed a greater mummy
 81913 | Zig:26   | Noticed a greater mummy
 81915 | Zig:26   | Noticed a greater mummy
 81915 | Zig:26   | Noticed a greater mummy
 81916 | Zig:26   | Noticed a greater mummy
 81931 | Zig:26   | Noticed a greater mummy
 81932 | Zig:26   | Noticed a greater mummy
 81932 | Zig:26   | Killed a greater mummy
 81932 | Zig:26   | Killed a greater mummy
 81933 | Zig:26   | Noticed a greater mummy
 81935 | Zig:26   | Killed a greater mummy
 81936 | Zig:26   | Killed a greater mummy
 81939 | Zig:26   | Killed a greater mummy
 81945 | Zig:26   | Killed a greater mummy
 81945 | Zig:26   | Reached skill level 10 in Air Magic
 81948 | Zig:26   | Killed a greater mummy
 81950 | Zig:26   | Killed a greater mummy
 81950 | Zig:26   | Reached skill level 10 in Hexes
 81955 | Zig:26   | Noticed a greater mummy
 81957 | Zig:26   | Noticed a greater mummy
 81957 | Zig:26   | Noticed a greater mummy
 81960 | Zig:26   | Noticed a greater mummy
 81961 | Zig:26   | Killed a greater mummy
 81963 | Zig:26   | Noticed a greater mummy
 81967 | Zig:26   | Killed a greater mummy
 81968 | Zig:26   | Killed a greater mummy
 81969 | Zig:26   | Killed a greater mummy
 81970 | Zig:26   | Noticed a greater mummy
 81973 | Zig:26   | Killed a greater mummy
 81974 | Zig:26   | Noticed a greater mummy
 81976 | Zig:26   | Killed a greater mummy
 81987 | Zig:26   | Killed a greater mummy
 82140 | Zig:26   | Got a translucent steel ring
 82142 | Zig:26   | Got a scorched bronze ring
 82162 | Zig:26   | Identified the +1 plate armour "Jooroarph" {+Blink Str+4
                  | Dex-3} (You found it on level 26 of a ziggurat)
 82168 | Zig:26   | Identified the +7 morningstar "Glorpo" {drain, Str+3} (You
                  | found it on level 26 of a ziggurat)
 82169 | Zig:26   | Identified the ring of Olecwos {Str+2 Slay+3 Stlth+} (You
                  | found it on level 26 of a ziggurat)
 82170 | Zig:26   | Identified the ring of the Monkey {rF+ MR+ Int-5 Dex+4
                  | Stlth+} (You found it on level 26 of a ziggurat)
 82181 | Zig:27   | Entered Level 27 of a ziggurat
 82638 | Slime:1  | Entered Level 1 of the Pits of Slime
 82691 | Slime:1  | Gained mutation: You are dopey. (Int -2) [a shining eye]
 83016 | Slime:5  | Entered Level 5 of the Pits of Slime
 83257 | Slime:5  | Noticed the Royal Jelly
 83265 | Slime:5  | Killed the Royal Jelly
 83836 | Slime:5  | Got a slimy rune of Zot
 84511 | Pan      | Entered Pandemonium
 84518 | Pan      | Noticed Guyh Lot the pandemonium lord
 84524 | Pan      | Killed Guyh Lot the pandemonium lord
 84524 | Pan      | Reached skill level 15 in Spellcasting
 84613 | Pan      | Noticed Hudutaol the pandemonium lord
 84624 | Pan      | Killed Hudutaol the pandemonium lord
 84641 | Pan      | Got a demonic rune of Zot
 84737 | Pan      | Found an exit through the horrors of the Abyss.
 84932 | Pan      | Entered the realm of Gloorx Vloq.
 84932 | Pan      | Noticed Gloorx Vloq
 84947 | Pan      | Killed Gloorx Vloq
 85014 | Pan      | Got a dark rune of Zot
 85294 | Pan      | Found an exit through the horrors of the Abyss.
 85462 | Pan      | Found an exit through the horrors of the Abyss.
 85884 | Pan      | Noticed Jeebasif the pandemonium lord
 85913 | Pan      | Gained mutation: Your magical capacity is low. (-10% MP)
                  | [mutagenic glow]
 85923 | Pan      | Killed Jeebasif the pandemonium lord
 85940 | Pan      | Gained mutation: You are occasionally teleported next to
                  | monsters. [mutagenic glow]
 85942 | Pan      | Lost mutation: Your body sometimes deteriorates upon taking
                  | damage. [potion of mutation]
 85942 | Pan      | Lost mutation: You have large cloven feet. [potion of
                  | mutation]
 85942 | Pan      | Lost mutation: You are dopey. (Int -2) [potion of mutation]
 85942 | Pan      | Lost mutation: Your magical capacity is low. (-10% MP)
                  | [potion of mutation]
 85942 | Pan      | Gained mutation: You are weak. (Str -2) [potion of
                  | mutation]
 85942 | Pan      | Lost mutation: You possess an exceptional clarity of mind.
                  | [potion of mutation]
 85942 | Pan      | Gained mutation: You have a pair of small horns on your
                  | head. [potion of mutation]
 85944 | Pan      | Lost mutation: Your spells are harder to cast, but more
                  | powerful. [potion of mutation]
 85944 | Pan      | Lost mutation: You have a pair of small horns on your head.
                  | [potion of mutation]
 85944 | Pan      | Lost mutation: Your natural rate of healing is unusually
                  | fast. [potion of mutation]
 85944 | Pan      | Lost mutation: You are weak. (Str -2) [potion of mutation]
 85944 | Pan      | Gained mutation: You have a somewhat thin skeletal
                  | structure. (Dex +2, Stealth) [potion of mutation]
 85945 | Pan      | Lost mutation: Your spells are a little harder to cast, but
                  | a little more powerful. [potion of mutation]
 85945 | Pan      | Lost mutation: You are somewhat resistant to further
                  | mutation. [potion of mutation]
 85945 | Pan      | Lost mutation: You are partially covered in icy blue
                  | scales. (AC +2) [potion of mutation]
 85945 | Pan      | Gained mutation: You can translocate small distances at
                  | will. [potion of mutation]
 85946 | Pan      | Lost mutation: You have a somewhat thin skeletal structure.
                  | (Dex +2, Stealth) [potion of mutation]
 85946 | Pan      | Lost mutation: You can translocate small distances at will.
                  | [potion of mutation]
 85946 | Pan      | Gained mutation: You do not regenerate when monsters are
                  | visible. [potion of mutation]
 85946 | Pan      | Gained mutation: You are partially covered in rugged brown
                  | scales. (AC +1, +3% HP) [potion of mutation]
 85946 | Pan      | Gained mutation: You are resistant to hostile enchantments.
                  | (MR+) [potion of mutation]
 85947 | Pan      | Lost mutation: You are resistant to hostile enchantments.
                  | (MR+) [potion of mutation]
 85947 | Pan      | Lost mutation: You are occasionally teleported next to
                  | monsters. [potion of mutation]
 85947 | Pan      | Lost mutation: You are partially covered in rugged brown
                  | scales. (AC +1, +3% HP) [potion of mutation]
 85947 | Pan      | Gained mutation: Your spells are a little harder to cast,
                  | but a little more powerful. [potion of mutation]
 85947 | Pan      | Gained mutation: You are partially covered in rugged brown
                  | scales. (AC +1, +3% HP) [potion of mutation]
 85948 | Pan      | Lost mutation: You are partially covered in rugged brown
                  | scales. (AC +1, +3% HP) [potion of mutation]
 85948 | Pan      | Lost mutation: You do not regenerate when monsters are
                  | visible. [potion of mutation]
 85948 | Pan      | Lost mutation: Your spells are a little harder to cast, but
                  | a little more powerful. [potion of mutation]
 85948 | Pan      | Gained mutation: You are weak. (Str -2) [potion of
                  | mutation]
 85948 | Pan      | Gained mutation: You passively map a small area around you.
                  | [potion of mutation]
 85948 | Pan      | Gained mutation: You have very sharp teeth. [potion of
                  | mutation]
 86227 | Pan      | Entered the realm of Cerebov.
 86419 | Pan      | Identified Xool's Disquisition on Venomous Beguiling
 86480 | Pan      | Identified the Reference Book on Stolen Souls
 86516 | Pan      | Identified the Almanac of Shape Shifting
 86548 | Pan      | Identified the +6 sword of Cerebov {flame}
 86548 | Pan      | Noticed Cerebov
 86574 | Pan      | Killed Cerebov
 86689 | Pan      | Got a fiery rune of Zot
 86773 | Pan      | Entered the realm of Mnoleg.
 86773 | Pan      | Found an exit through the horrors of the Abyss.
 86869 | Pan      | Acquired 5 rations
 86976 | Pan      | Gained mutation: Your magical capacity is low. (-10% MP) [a
                  | cacodemon]
 86979 | Pan      | Lost mutation: Your magical capacity is low. (-10% MP) [a
                  | cacodemon]
 86988 | Pan      | Noticed Mnoleg
 87016 | Pan      | Killed Mnoleg
 87063 | Pan      | Got a glowing rune of Zot
 87255 | Pan      | Gained mutation: Your spells are a little easier to cast,
                  | but a little less powerful. [a cacodemon]
 87307 | Pan      | Noticed Minkeh the pandemonium lord
 87312 | Pan      | Killed Minkeh the pandemonium lord
 87403 | Pan      | Identified the cursed ring "Enumuh" {Int-4 Dex+2}
 87573 | Pan      | Entered the realm of Lom Lobon.
 88539 | Pan      | Noticed Lom Lobon
 88556 | Pan      | Killed Lom Lobon
 88601 | Pan      | Got a magical rune of Zot
 88760 | Depths:3 | Escaped Pandemonium
 88990 | Temple   | Entered the Ecumenical Temple
 89447 | Tomb:1   | Entered Level 1 of the Tomb of the Ancients
 89615 | Tomb:1   | Noticed a greater mummy
 89621 | Tomb:1   | Killed a greater mummy
 89621 | Tomb:1   | Reached skill level 15 in Dodging
 89858 | Tomb:1   | Identified the cursed +1 demon whip of the Hall of Blades
                  | {elec, *Rage rF+ Dex+4} (You found it on level 1 of the
                  | Tomb of the Ancients)
 90141 | Tomb:1   | Noticed a greater mummy
 90152 | Tomb:1   | Killed a greater mummy
 90541 | Tomb:2   | Noticed a greater mummy
 90541 | Tomb:2   | Noticed a greater mummy
 90542 | Tomb:2   | Noticed a greater mummy
 90544 | Tomb:2   | Noticed a greater mummy
 90552 | Tomb:2   | Killed a greater mummy
 90553 | Tomb:2   | Killed a greater mummy
 90554 | Tomb:2   | Killed a greater mummy
 90557 | Tomb:2   | Killed a greater mummy
 90952 | Tomb:1   | Noticed a greater mummy
 90952 | Tomb:1   | Noticed a greater mummy
 90955 | Tomb:1   | Noticed a greater mummy
 90955 | Tomb:1   | Noticed a greater mummy
 90957 | Tomb:1   | Noticed a greater mummy
 90964 | Tomb:1   | Killed a greater mummy
 90966 | Tomb:1   | Killed a greater mummy
 90966 | Tomb:1   | Noticed a greater mummy
 90972 | Tomb:1   | Killed a greater mummy
 90978 | Tomb:1   | Killed a greater mummy
 90979 | Tomb:1   | Killed a greater mummy
 90984 | Tomb:1   | Killed a greater mummy
 91048 | Tomb:1   | Noticed a greater mummy
 91053 | Tomb:1   | Killed a greater mummy
 91218 | Tomb:1   | Noticed a greater mummy
 91224 | Tomb:1   | Killed a greater mummy
 91369 | Tomb:1   | Noticed a greater mummy
 91376 | Tomb:1   | Killed a greater mummy
 91406 | Tomb:1   | Noticed a greater mummy
 91406 | Tomb:1   | Noticed a greater mummy
 91406 | Tomb:1   | Noticed a greater mummy
 91407 | Tomb:1   | Noticed a greater mummy
 91407 | Tomb:1   | Noticed a greater mummy
 91407 | Tomb:1   | Noticed a greater mummy
 91408 | Tomb:1   | Noticed a greater mummy
 91426 | Tomb:1   | Killed a greater mummy
 91428 | Tomb:1   | Killed a greater mummy
 91430 | Tomb:1   | Killed a greater mummy
 91435 | Tomb:1   | Killed a greater mummy
 91442 | Tomb:1   | Killed a greater mummy
 91451 | Tomb:1   | Killed a greater mummy
 91454 | Tomb:1   | Killed a greater mummy
 91914 | Tomb:3   | Entered Level 3 of the Tomb of the Ancients
 91938 | Tomb:3   | Noticed a greater mummy
 91977 | Tomb:3   | Killed a greater mummy
 91984 | Tomb:3   | Noticed a greater mummy
 91989 | Tomb:3   | Killed a greater mummy
 92008 | Tomb:3   | Noticed an ancient lich
 92008 | Tomb:3   | Noticed a greater mummy
 92011 | Tomb:3   | Killed an ancient lich
 92014 | Tomb:3   | Killed a greater mummy
 92478 | Tomb:3   | Found the +9 staff of Wucad Mu {channel}
 92530 | Tomb:3   | Noticed a greater mummy
 92542 | Tomb:3   | Noticed a greater mummy
 92544 | Tomb:3   | Killed a greater mummy
 92555 | Tomb:3   | Killed a greater mummy
 92833 | Tomb:3   | Noticed a greater mummy
 92843 | Tomb:3   | Killed a greater mummy
 93091 | Tomb:3   | Noticed a greater mummy
 93098 | Tomb:3   | Killed a greater mummy
 93517 | Tomb:3   | Noticed a greater mummy
 93525 | Tomb:3   | Killed a greater mummy
 93660 | Tomb:3   | Got a faintly glowing jade amulet
 93670 | Tomb:3   | Identified the amulet of Jealousy {Reflect +Fly rF+ MR+
                  | Dex-3 SH+5} (You found it on level 3 of the Tomb of the
                  | Ancients)
 93671 | Tomb:3   | Identified the +7 morningstar "Widowmaker" {flame, Int+5}
                  | (You found it on level 3 of the Tomb of the Ancients)
 94031 | Tomb:3   | Got a golden rune of Zot
 95020 | Zot:5    | Got the Orb of Zot
 95021 | Zot:5    | Noticed Dilono Ybeuc the pandemonium lord
 95106 | Zot:4    | Noticed an ancient lich
 95107 | Zot:4    | Noticed Vypos the pandemonium lord
 95112 | Zot:4    | Killed an ancient lich
 95121 | Zot:4    | Killed Vypos the pandemonium lord
 95708 | D:$      | Escaped with the Orb!

Illustrated notes

Levels and vault maps discovered:
D:1:      onia_arrival_mini_maze_b, layout_basic, minmay_parallelograms
D:2:      minmay_skewed_foursquare, layout_basic,
          eat_drink_and_be_merry_uskayaw, fedhas_altar_2
D:3:      layout_loops_ring, kennysheep_vampire_church, feat_on_display
D:4:      layout_cave_pools, kennysheep_mini_moat, okawaru_altar_gauntlet_db
D:5:      layout_basic, temple_doors_ab, first_ration, gammafunk_ghost_arena
D:6:      cheibrodos_helix_gallery, layout_basic, lemuel_round_altar,
          serial_shops, shop, uniq_duvessa
D:7:      layout_loops_ring, lemuel_crystal_altar, tgw_trog, basic_altar,
          uniq_harold, uniq_menkaure, uniq_maggie
D:8:      layout_loops_ring, nicolae_qazlal_eye_of_the_storm,
          nicolae_gozag_cash_rules_everything_around_me, serial_shops,
          kennysheep_little_box, grunt_pizzeria, uniq_erica, uniq_joseph
D:9:      layout_roguey, nicolae_overflow_hidden_temple, tgw_sif, orc_0_dummy
D:10:     layout_layer_cave
D:11:     minmay_weird_star, layout_small_grid, erik_lair_island, serial_shops,
          shop_statue
D:12:     layout_irregular_city, nicolae_trove_entry_crossroad, minivault_16
D:13:     minmay_open_boxes_in_corner, layout_small_grid,
          ximxim_vaults_locker_room, minmay_mirror_moons_of_madness,
          uniq_nessos, uniq_jorgrun, uniq_frances
D:14:     layout_roguey, nrook_pool_corridor, uniq_josephine
D:15:     hangedman_depths_entry_civil_slaughter, layout_stronghold,
          hangedman_decor_clover_reticule, uniq_azrael
Temple:   dpeg_chambers_temple
Lair:1:   layout_chaotic_city, grunt_megastairs_2, lemuel_fruit_tree,
          lemuel_fruit_fields
Lair:2:   layout_loops_ring, serial_bayou_shore_b, grunt_megastairs_5
Lair:3:   layout_gridlike, skrybe_swamp_entry_bodies, dummy_snake_entry
Lair:4:   layout_small_grid, chequers_serial_rivers_small_3, grunt_megastairs_4
Lair:5:   cheibrodos_magma_flow, layout_regular_city, slime_altar_1,
          st_stairs_13, minmay_lair_oklob_chamber
Lair:6:   gammafunk_lair_ancient_temple, layout_misc_corridors,
          ebering_ghost_xom
Swamp:1:  gammafunk_its_a_trap, layout_falls_marsh, evilmike_swamp_ruin_house_2,
          swamp_pool1, nicolae_island_escapes
Swamp:2:  layout_falls_marsh, evilmike_swamp_ruin_house_3
Swamp:3:  layout_basic_swamp, nicolae_swamp_trees_clearing, swamp_pool2,
          uniq_louise, uniq_mara
Swamp:4:  swamp_old_school, layout_basic_swamp, swamp_pool5, uniq_roxanne
Snake:1:  layout_concentric_octagons, serial_shops, shop, serial_bayou_shore_b,
          uniq_aizul
Snake:2:  layout_chambers, portal_ice_cave_entry_dragon, uniq_vashnia
Snake:3:  layout_basic, serial_shops, shop, nicolae_shop_crystal
Snake:4:  grunt_snake_rune_serpentine_throne, layout_onion, grunt_megastairs_3,
          uniq_agnes
Slime:1:  layout_caves, nicolae_slime_phagocytosis
Slime:2:  layout_caves
Slime:3:  layout_caves, cheibrodos_slime_lost_civilization_4
Slime:4:  layout_caves
Slime:5
Orc:1:    layout_diamond_mine, ebering_ghost_gozag, nicolae_orc_pool_cavern,
          guppyfry_orc_lava_fort, uniq_urug, uniq_maurice
Orc:2:    grunt_orc_cross, layout_diamond_mine, uniq_saint_roka
Elf:1:    minmay_elf_arrival_summoners, layout_gridlike, minmay_elf_demonology,
          billiards_dpeg
Elf:2:    layout_loops_ring, st_stairs_8, nrook_uturn
Elf:3:    minmay_elf_hall_x, layout_geoelf_diagonals,
          gammafunk_ghost_abyssal_escape, grunt_megastairs_1
Vaults:1: v_misc_24, nicolae_vaults_little_squares_2,
          nicolae_vaults_network_quinsquares
          [nicolae_vaults_network_quincunx_subvault,
          nicolae_vaults_network_quincunx_subvault,
          nicolae_vaults_network_quincunx_subvault,
          nicolae_vaults_network_quincunx_subvault], st_lattice,
          grunt_vaults_hallway_short, layout_vaults_omnigrid, serial_shops, shop
Vaults:2: v_alt_pattern_6, ontoclasm_vaults_loading_screen,
          vaults_room_semicircle, v_misc_28, vaults_room_stairs_pillars,
          vaults_room_fours, nicolae_vaults_ninety_degrees,
          vaults_mumra_minichess, vaults_room_semicircle, vaults_mumra_lcd,
          grunt_tower_of_power, hangedman_vaults_capsules,
          ontoclasm_vaults_claustrophobia, layout_vaults_omnibox, serial_shops,
          shop_fountains
Vaults:3: vaults_dpeg_cross, v_misc_22, minmay_crypt_entry_simple_round,
          vaults_dpeg_encased_lava, vaults_standard_mumra_lines,
          vaults_room_pool, ontoclasm_vaults_gateway,
          ontoclasm_vaults_ring_large, vaults_mumra_minichess_inversion,
          hangedman_vaults_snaps, v_misc_9, hangedman_vaults_corner_blocks,
          nicolae_vaults_three_branches, v_rooms_2, layout_vaults_omnicross,
          serial_shops, shop
Vaults:4: v_misc_27, ontoclasm_vaults_eye, vaults_dpeg_diagonal,
          vaults_dpeg_hooks, v_alt_pattern_1, ontoclasm_vaults_bender,
          v_alt_pattern_3, ontoclasm_vaults_shuriken, vaults_room_grid,
          nicolae_vaults_angled_halls, nicolae_vaults_bisected_exclaves,
          vaults_dpeg_ring, layout_vaults_maze, serial_shops, bzr_entry_gold
Vaults:5
Crypt:1:  layout_basic
Crypt:2:  layout_misc_corridors, door_vault, uniq_frederick, uniq_jory,
          uniq_xtahua
Crypt:3:  evilmike_haunted_forest
Tomb:1
Tomb:2
Tomb:3
Depths:1: layout_gridlike, hell_entry, serial_rivers,
          chequers_serial_rivers_micro_d, chequers_serial_rivers_micro_c,
          chequers_serial_rivers_marsh, chequers_serial_rivers_large_b,
          chequers_serial_rivers_marsh, chequers_serial_rivers_large_a,
          minmay_hidden_floor
Depths:2: minmay_the_grid_octo_tiled_octocenter [minmay_the_grid_octo_shrine,
          minmay_the_grid_octo_toaster, minmay_the_grid_octo_checkered,
          minmay_the_grid_octo_clover,
          minmay_the_grid_octo_prize_square_snowflake,
          minmay_the_grid_square_5x5_misaligned,
          minmay_the_grid_square_5x5_three_small,
          minmay_the_grid_square_5x5_detours, minmay_the_grid_square_5x5_seven],
          layout_small_grid, serial_shops, shop, hellmouth_1,
          minmay_staircase_windowed_large, firewood_loft
Depths:3: kennysheep_room_grid, layout_gridlike, pan_entry, hell_entry,
          serial_shops, nicolae_shop_stone, sword_in_stone, uniq_mennas,
          uniq_bai_suzhen
Depths:4: minmay_gate_of_8, layout_basic, enter_ziggurat_a, hell_entry,
          nemelex_xobeh_ov_fountains_minmay, abyss_entry_small_statue_room,
          xom_teletrap_fun, infiniplex_staircase_spiral
Depths:5: hangedman_slaughterboxes, abyss_entry, hell_entry, pan_entry
Hell
Dis:1:    layout_gridville
Dis:2:    layout_gridville
Dis:3:    layout_jigsaw, hangedman_dis_decor_blocks_talon
Dis:4:    layout_gridville, grunt_dis_stairs_iron_hall
Dis:5:    layout_regular_city
Dis:6:    layout_subdivisions
Dis:7:    iron_city_of_dis [dis_old, dis_wall_7], layout_chaotic_city
Geh:1:    layout_gehenna_pools_basic
Geh:2:    layout_gehenna_pools_box
Geh:3:    minmay_firetagon, layout_gehenna_pools_basic
Geh:4:    layout_gehenna_pools_triple
Geh:5:    layout_gehenna_lava_caves
Geh:6:    layout_gehenna_pools_triple
Geh:7:    geh_mu
Coc:1:    layout_ice_bergs
Coc:2:    layout_cocytus_water_paths
Coc:3:    layout_cocytus_water_paths
Coc:4:    layout_ice_bergs
Coc:5:    layout_ice_bergs
Coc:6:    layout_cocytus_water_paths, lemuel_elevator
Coc:7:    coc_dpeg
Tar:1:    layout_cathedral_of_symmetry
Tar:2:    layout_grid_maze
Tar:3:    layout_grid_maze, nicolae_tar_cuneiform_two
Tar:5:    layout_catacombs
Tar:6:    layout_catacombs, evilmike_ambush [evilmike_ambush_outer_pillars,
          evilmike_ambush_inner_cross]
Tar:7:    tar_old
Zot:1:    layout_cathedral_of_symmetry, uniq_tiamat
Zot:2:    layout_gridville
Zot:3:    ebering_klown_carousel, layout_gridlike
Zot:4:    kennysheep_ambush_hall, layout_gridlike
Zot:5:    layout_gridlike, st_stairs_14

Skill      XL: |  1  2  3  4  5  6  7  8  9 10 11 12 13 14 15 16 17 18 19 20 21 22 23 24 25 26 27 |
---------------+----------------------------------------------------------------------------------+-----
Maces & Flails | 3 4 5 6 7 9 11 13 15 16 17 27 | 27.0
Shields        | 10 14 15 20 23 25 27 | 27.0
Invocations    | 8 11 12 27 | 27.0
Fighting       | 8 12 14 16 18 19 20 27 | 27.0
Armour         | 7 14 27 | 27.0
Throwing       | 4 5 7 19 | 19.1
Spellcasting   | 7 10 12 13 24 | 24.2
Translocations | 7 10 12 13 21 | 21.4
Evocations     | 7 11 13 16 | 16.1
Dodging        | 18 | 18.6
Hexes          | 12 | 12.1
Air Magic      | 11 | 11.9

Action                   |  1- 3 |  4- 6 |  7- 9 | 10-12 | 13-15 | 16-18 | 19-21 | 22-24 | 25-27 || total
-------------------------+-------+-------+-------+-------+-------+-------+-------+-------+-------++-------
Melee: Flail             |   141 |   284 |   361 |    24 |       |       |       |       |       ||   810
       Mace              |       |       |       |   132 |       |       |       |       |       ||   132
       Whip              |       |       |       |   798 |  1199 |       |       |       |       ||  1997
       Eveningstar       |       |       |       |       |   308 |  1438 |  1236 |  1157 |  8605 || 12744
       Bite              |       |       |       |       |       |       |       |       |   115 ||   115
Throw: Javelin           |       |     2 |       |       |    25 |       |     6 |       |   667 ||   700
       Dart              |       |       |       |       |    12 |       |       |       |       ||    12
       Throwing net      |       |       |       |       |     3 |       |       |       |     3 ||     6
 Cast: Lesser Beckoning  |       |       |       |       |       |       |       |     3 |    44 ||    47
Invok: Finesse           |       |       |       |       |     1 |     2 |     4 |     2 |     5 ||    14
       Heroism           |       |       |       |       |     1 |       |     1 |     1 |     3 ||     6
       Cleansing Flame   |       |       |       |       |       |       |       |       |    91 ||    91
       Divine Shield     |       |       |       |       |       |       |       |       |     8 ||     8
       Summon Divine War |       |       |       |       |       |       |       |       |     2 ||     2
       Brand Weapon With |       |       |       |       |       |       |       |       |     1 ||     1
 Abil: Fly               |       |       |       |       |     1 |       |       |       |     1 ||     2
       Stop Flying       |       |       |       |       |       |       |       |     1 |     1 ||     2
Evoke: Wand              |       |       |     3 |       |     1 |     1 |       |       |    14 ||    19
       Phantom mirror    |       |       |       |       |       |     1 |       |     1 |     3 ||     5
  Use: Potion            |       |       |     7 |       |     2 |     1 |     2 |     1 |    53 ||    66
       Scroll            |       |       |       |    16 |     6 |    22 |    15 |    13 |    71 ||   143
 Stab: Paralysed         |       |       |     7 |       |     2 |       |       |       |       ||     9
       Sleeping          |       |       |     1 |       |       |       |       |       |       ||     1
       Invisible         |       |       |       |       |     3 |       |       |       |       ||     3
       Confused          |       |       |       |       |       |     1 |       |       |     1 ||     2
       Petrified         |       |       |       |       |       |       |       |       |     1 ||     1
  Eat: Chunk             |     2 |     8 |     8 |    21 |    27 |    17 |    25 |    16 |    52 ||   176
       Ration            |       |       |     1 |     1 |       |     4 |       |     2 |    41 ||    49
Armor: Scale mail        |    88 |   162 |    54 |       |       |       |       |       |       ||   304
       Ring mail         |       |       |    32 |       |   304 |       |       |       |       ||   336
       Swamp dragon scal |       |       |    37 |    34 |       |       |       |       |       ||    71
       Skin              |       |       |     7 |       |       |       |       |       |       ||     7
       Plate armour      |       |       |       |   281 |    28 |       |       |       |       ||   309
       Gold dragon scale |       |       |       |       |    52 |   862 |   857 |   644 |  5189 ||  7604
Dodge: Dodged            |    47 |   102 |   107 |   214 |   453 |   282 |   252 |   173 |  1675 ||  3305
Block: Kite shield       |    82 |   260 |   171 |   387 |   724 |   929 |  1041 |   675 |  1380 ||  5649
       Reflection        |       |    13 |       |       |       |    25 |    89 |    43 |   389 ||   559
       Tower shield      |       |       |       |       |       |       |       |       |  9976 ||  9976
